 Dungeon Crawl Stone Soup version 0.20-a0-1109-ge3cd172 (webtiles) character file.

1458216 seren the Conqueror (level 27, -76/273 HPs)
             Began as a Ghoul Monk on Apr 15, 2017.
             Was the Champion of Kikubaaqudgha.
             Killed by Shatter
             ... invoked by Esmor the pandemonium lord
              (111 damage)
             ... on level 13 of the Dungeon on May 5, 2017.
             The game lasted 22:45:33 (171780 turns).

seren the Conqueror (Ghoul Monk)                  Turns: 171780, Time: 22:45:35

Health: -76/273    AC: 43    Str: 24    XL:     27
Magic:  37/41      EV: 28    Int: 14    God:    Kikubaaqudgha [******]
Gold:   11905      SH: 24    Dex: 19    Spells: 7/56 levels left

rFire    + + +     SeeInvis +     - Unarmed
rCold    + + .     Gourm    .   K - +5 shield {AC+3}
rNeg     + + +     Faith    .   w - +8 fire dragon scales
rPois    ∞         Spirit   .   X - +2 helmet "Difug" {rF+ Dex+5}
rElec    +         Reflect  +   L - +2 cloak {+Inv}
rCorr    +         Harm     .   C - +2 pair of gloves of the Trees {Int+3}
MR       ++++.                  J - +2 pair of boots of Yredelemnul's Favour {rF+ rC+++ rCorr Stlth-}
Stlth    ++........             N - +2 amulet of reflection
Regen    0.0/turn               x - ring of the Mage {Wiz MR++ Int+3}
MPRegen  0.3/turn               G - ring of Maklimih {rElec rC- rN+ Str+2 SInv}

@: about to teleport, rotting
A: rotting body, claws 1, carnivore 3, cold resistance 1, negative energy
resistance 3, inhibited regeneration, torment resistance, unbreathing
0: Orb of Zot
}: 15/15 runes: serpentine, barnacled, slimy, silver, golden, iron, obsidian,
icy, bone, abyssal, demonic, glowing, magical, fiery, dark
a: Receive Corpses, Torment, Renounce Religion, Evoke Invisibility


You were on level 13 of the Dungeon.
You worshipped Kikubaaqudgha.
Kikubaaqudgha was exalted by your worship.
You were not hungry.

You visited 18 branches of the dungeon, and saw 90 of its levels.
You visited Pandemonium 3 times, and saw 33 of its levels.
You visited the Abyss 7 times.
You also visited: Labyrinth, Trove, Bailey, Ice Cave, Wizlab and Desolation.

You collected 18485 gold pieces.
You spent 6580 gold pieces at shops.

Inventory:

Hand Weapons
 a - a +9 hand crossbow of flaming
 r - the +6 arbalest "Damnation" {damnation}
   (You found it on level 4 of the Depths)
Missiles
 h - 11 throwing nets (quivered) {!f}
 n - 2229 bolts
Armour
 w - +8 fire dragon scales (worn)
 C - the +2 pair of gloves of the Trees (worn) {Int+3}
   (You found it on level 3 of the Elven Halls)

   It affects your intelligence (+3).
 J - the +2 pair of boots of Yredelemnul's Favour (worn) {rF+ rC+++ rCorr Stlth-}
   (You found it in a treasure trove)

   It protects you from fire.
   It renders you almost immune to cold.
   It protects you from acid and corrosion.
   It makes you less stealthy.
 K - a +5 shield of protection (worn)
 L - a +2 cloak of invisibility (worn)
 X - the +2 helmet "Difug" (worn) {rF+ Dex+5}
   (You found it on level 3 of the Depths)

   It affects your dexterity (+5).
   It protects you from fire.
Jewellery
 x - the ring of the Mage (left hand) {Wiz MR++ Int+3}
   (You found it in the Desolation of Salt)

   [ring of wizardry]

   It improves your spell success rate.
   It affects your intelligence (+3).
   It affects your resistance to hostile enchantments.
 D - the ring "Datuczau" {+Fly rElec Str+7}
   (You took it off an iron imp on level 7 of the Iron City of Dis)

   [ring of flight]

   It affects your strength (+7).
   It insulates you from electricity.
   It lets you fly.
 G - the ring of Maklimih (right hand) {rElec rC- rN+ Str+2 SInv}
   (You took it off an ancient champion on level 3 of the Crypt)

   [ring of positive energy]

   It affects your strength (+2).
   It makes you vulnerable to cold.
   It insulates you from electricity.
   It protects you from negative energy.
   It lets you see invisible.
 N - a +2 amulet of reflection (around neck)
Wands
 o - a wand of digging (17/24)
 u - a wand of disintegration (10/24)
 M - a wand of digging (21/24)
 P - a wand of scattershot (9/9)
Scrolls
 c - 19 scrolls of remove curse
 d - 16 scrolls of fear
 e - a scroll of amnesia
 i - 8 scrolls of fog
 s - 27 scrolls of identify
 v - 7 scrolls of teleportation
 y - 2 scrolls of immolation
 z - 2 scrolls of silence
 F - a scroll of summoning
 U - 13 scrolls of recharging
 Z - 2 scrolls of blinking
Potions
 g - 42 potions of curing
 j - 2 potions of agility
 k - 3 potions of might
 m - 9 potions of magic
 q - 2 potions of heal wounds
 A - 7 potions of cancellation
 H - a potion of haste
 R - a potion of invisibility
Books
 l - Jeigikh's Papyrus of Assistive Curses
   (You found it on level 3 of the Tomb of the Ancients)

   Spells                             Type                      Level
   a - Regeneration                   Charms/Necromancy            3
   b - Confuse                        Hexes                        3
   c - Inner Flame                    Hexes/Fire                   3
   d - Invisibility                   Hexes                        6
 S - Juniol's Handbook of the Volcanoes and the Glacier
   (You found it on level 3 of the Tomb of the Ancients)

   Spells                             Type                      Level
   a - Ensorcelled Hibernation        Hexes/Ice                    2
   b - Ozocubu's Armour               Charms/Ice                   3
   c - Conjure Flame                  Conjuration/Fire             3
   d - Ice Form                       Ice/Transmutation            4
   e - Ignition                       Fire                         8
Miscellaneous
 f - 8 phantom mirrors
 p - the horn of Geryon
 t - a lightning rod (1/4)
 B - a phial of floods
 E - 8 sacks of spiders
 I - a fan of gales
 Q - a lamp of fire
Comestibles
 b - 37 meat rations
 O - 3 royal jellies
 T - 3 chunks of flesh


   Skills:
 O Level 27 Fighting
   Level 9.0 Short Blades
 - Level 20.0 Crossbows
 - Level 22.6 Armour
 - Level 22.4 Dodging
 - Level 23.7 Stealth
 + Level 20.5 Shields
 O Level 27 Unarmed Combat
 - Level 15.0 Spellcasting
 - Level 11.1 Hexes
 - Level 18.0 Summonings
 - Level 18.0 Necromancy
 - Level 8.7 Translocations
 - Level 6.0 Transmutations
 - Level 12.0 Ice Magic
 - Level 10.0 Air Magic
 - Level 7.0 Earth Magic
 - Level 17.2 Evocations


You had 7 spell levels left.
You knew the following spells:

 Your Spells              Type           Power        Failure   Level  Hunger
a - Animate Skeleton      Necr           N/A          0%          1    None
b - Blink                 Tloc           N/A          1%          2    None
c - Aura of Abjuration    Summ           ######....   1%          5    ####...
d - Animate Dead          Necr           N/A          1%          4    ##.....
e - Cigotuvi's Embrace    Necr           ######....   1%          5    ####...
f - Summon Butterflies    Summ           ######..     0%          1    None
g - Passwall              Tmut/Erth      ####......   1%          2    None
h - Haunt                 Necr/Summ      ######....   2%          7    #######
i - Simulacrum            Ice/Necr       ######....   1%          6    ######.
j - Silence               Hex/Air        #####.....   1%          5    ####...
p - Apportation           Tloc           ####..       1%          1    None
r - Portal Projectile     Hex/Tloc       #####.       1%          3    None
s - Swiftness             Chrm/Air       ###.....     1%          2    None
u - Dispel Undead         Necr           ######..     1%          5    ####...


Dungeon Overview and Level Annotations

Branches:
Dungeon (15/15)            Temple (1/1) D:7            Lair (6/6) D:11
 Shoals (4/4) Lair:2        Snake (4/4) Lair:3        Slime (5/5) Lair:6
    Orc (2/2) D:12            Elf (3/3) Orc:2        Vaults (5/5) D:14
  Crypt (3/3) Vaults:2       Tomb (3/3) Crypt:3      Depths (5/5) D:15
   Hell (1/1)                 Dis (7/7) Hell            Geh (7/7) Hell
    Coc (7/7) Hell            Tar (7/7) Hell            Zot (5/5) Depths:5

Altars:
Ashenzari
Cheibriados
Dithmenos
Elyvilon
Fedhas
Gozag
Hepliaklqana
Kikubaaqudgha
Makhleb
Nemelex Xobeh
Okawaru
Qazlal
Ru
Sif Muna
Trog
Uskayaw
Vehumet
Wu Jian
Xom
Yredelemnul
Zin
The Shining One
Beogh

Shops:
D:15 *   Orc:1 ![!   Orc:2 }([}   Elf:1 ?   Shoals:1 }   Shoals:3 [
Shoals:4 %   Snake:2 }=}   Snake:3 :   Vaults:1 (   Vaults:3 ::?:   Depths:1 ?

Portals:
Hell: Depths:1 Depths:2 Depths:3 Depths:4 Depths:5
Abyss: Depths:2 Depths:4
Pandemonium: Depths:3 Depths:4
Ziggurat: Depths:5

Annotations:
Elf:2 exclusion: downstairs
Vaults:2 exclusion: downstairs
Geh:7 Asmodeus
Tar:7 Sphara's ghost, legendary DgAE


Innate Abilities, Weirdness & Mutations

Your body is rotting away.
You thrive on raw meat.
You are immune to poison.
You have sharp fingernails.
You are carnivorous and can eat meat at any time.
Your flesh is cold resistant. (rC+)
You are immune to negative energy. (rN+++)
You do not regenerate when monsters are visible.
You are immune to unholy pain and torment.
You can survive without breathing.


Message History

You feel much better. Esmor closely misses you.
You feel much better. You block Esmor's attack. Esmor gestures at you.
The crystal spear hits you!
* * * LOW HITPOINT WARNING * * *
The shadow demon gestures.
Unknown command.
Casting: Animate Dead
Confirm with . or Enter, or press ? or * to list all spells.
You blink.
Okay, then.
You feel much better.
As you read the scroll of teleportation, it crumbles to dust.
You feel strangely unstable.
You feel the Orb delaying your translocation!
Esmor gestures.
The dungeon rumbles around Esmor!
You shudder from the earth-shattering force.
You die...
Kikubaaqudgha rasps: "You have failed me!
Welcome... oblivion!"

...####...#....##.##.....##.##...
..........#...##...##...##...##..
########..#...#.....#...#.....#..
######..#####.....#####.....###
#..............................
#....2...###..############.....
#...........#.# ## ##.####
##.#..#...#..###.# #..# ##
#....#.....#@..# #.## .#
#..........##&..# ##.#
.###......†††......# #..#
.##.........&...#### #.##
..'............## #.#
..#...........#.. #.#
..#............### #.#
..#............. ##.#
..#.............. #..#


You could see Esmor.

Vanquished Creatures
  Antaeus (Coc:7)
  the Royal Jelly (Slime:5)
  Ereshkigal (Tar:7)
  A seraph (Pan)
  Gloorx Vloq (Pan)
  Mnoleg (Pan)
  Dispater (Dis:7)
  10 ancient liches
  Mara (Depths:3)
  Khufu (Crypt:1)
  8 orbs of fire (Zot:5)
  The ghost of graki42 the Hoplite, a veteran HOFi of the Shining One (Tomb:2)
  Sojobo (Depths:3)
  37 greater mummies
  5 pandemonium lords (Pan)
  5 shard shrikes
  Frederick (Vaults:5)
  Margery (Vaults:2)
  Boris (Tomb:1)
  A curse toe (Zot:5)
  Saint Roka (Elf:3)
  Geryon (Hell)
  2 Killer Klowns (Zot:5)
  13 golden dragons
  Jory (Tomb:2)
  A profane servitor (Abyss:1)
  the Enchantress (D:15)
  16 bone dragons
  31 Tzitzimimeh
  21 Brimstone Fiends
  A pearl dragon (Pan)
  Jorgrun (Shoals:3)
  13 doom hounds
  3 iron giants (Dis:7)
  2 electric golems (Zot:5)
  2 hellephants
  The ghost of herpmino the Vine Blade, an adept VSGl of Ru (Vaults:5)
  18 Ice Fiends
  22 Orb Guardians
  22 liches
  11 tentacled monstrosities
  Rupert (Snake:1)
  19 Hell Sentinels
  Asterion (Snake:1)
  10 quicksilver dragons
  8 titans
  A deep elf master archer (Depths:4)
  6 deep elf blademasters
  23 acid blobs
  7 death cobs
  Polyphemus (Shoals:3)
  37 tentacled starspawn
  29 Executioners
  16 ancient champions
  17 shadow dragons
  11 sphinxes
  An eldritch tentacle (Geh:2)
  9 tengu reavers
  21 storm dragons
  5 revenants
  7 nagarajas
  10 azure jellies
  Ilsuiw (Shoals:3)
  Kirke (Lair:5)
  6 draconian monks
  8 deep elf sorcerers
  5 draconian scorchers
  17 vault wardens
  3 imperial myrmidons (Desolation)
  11 daevas (Pan)
  15 fire giants
  8 draconian knights
  2 emperor scorpions (Abyss:2)
  7 ghost moths
  12 frost giants
  35 balrugs
  11 iron dragons
  11 corrupters
  12 warmongers (Pan)
  4 orc warlords
  27 cacodemons
  3 draconian stormcallers
  Aizul (D:15)
  21 angels (Pan)
  5 draconian shifters
  2 curse skulls (Pan)
  7 deep elf elementalists
  76 reapers
  10 ghouls
  18 stone giants
  36 very ugly things
  20 war gargoyles
  3 spriggan defenders
  12 ironheart preservers
  6 draconian annihilators
  4 entropy weavers
  An elemental wellspring (Coc:7)
  12 vampire knights
  13 ophanim (Pan)
  10 deep elf demonologists
  15 green draconians
  4 bennus
  12 blood saints (Pan)
  Nessos (D:12)
  An entropy weaver (shapeshifter) (Depths:3)
  11 lorocyprocas
  A yellow draconian (shapeshifter) (Zot:1)
  11 apis (Pan)
  12 deep elf annihilators
  8 black suns (Pan)
  6 spark wasps
  14 black draconians
  5 yellow draconians
  2 halazid warlocks (Desolation)
  9 purple draconians
  8 white draconians
  13 red draconians
  4 eidola
  2 merfolk javelineers
  13 deep elf death magi
  15 death oozes
  15 fire dragons
  14 jiangshi
  39 blizzard demons
  11 green deaths
  A minotaur (Lab)
  4 merfolk impalers
  A minotaur (shapeshifter) (Zot:1)
  19 yaktaur captains
  15 mummy priests
  2 spectral krakens (Tar:7)
  5 ragged hierophants (Desolation)
  11 ogre magi
  7 ettins
  5 servants of whispers
  4 deep elf high priests
  26 vault guards
  17 naga warriors
  2 hydras
  A kraken zombie (Coc:2)
  3 quicksilver dragon zombies
  17 great orbs of eyes
  20 ice dragons
  21 rakshasas
  Fannar (D:11)
  4 hell beasts (Pan)
  7 quicksilver dragon skeletons
  6 monstrous demonspawn (Pan)
  4 peacekeepers (Desolation)
  Erolcha (D:12)
  7 centaur warriors
  2 juggernaut simulacra (Pan)
  9 anacondas
  2 merfolk avatars
  32 two-headed ogres
  7 spriggan air magi
  A satyr (Shoals:4)
  3 catoblepae
  5 death knights
  2 merfolk aquamancers (Shoals:4)
  7 deep troll earth magi
  7 tengu warriors
  37 dancing weapons
  10 deep troll shamans
  2 death yaks (Shoals:2)
  19 vampire magi
  31 death scarabs
  26 hell hogs
  53 thrashing horrors
  10 spriggan berserkers
  4 shock serpents
  7 titan zombies
  45 soul eaters
  30 deep elf knights
  6 storm dragon zombies
  A shock serpent (shapeshifter) (Vaults:3)
  69 hell knights
  9 naga sharpshooters
  5 orc high priests
  A salamander mystic (Snake:2)
  9 titan skeletons
  35 wretched stars
  9 iron golems
  52 sun demons
  43 sixfirhies
  11 shadow wraiths
  8 sea snakes
  4 storm dragon skeletons
  13 iron trolls
  15 anaconda zombies
  38 shadow demons
  11 spatial maelstroms
  113 skeletal warriors
  A sea snake (shapeshifter) (Abyss:3)
  13 cherubim (Pan)
  4 gelid demonspawn (Pan)
  57 small abominations
  10 unseen horrors
  3 death drakes
  18 flayed ghosts
  A quicksilver dragon simulacrum (Hell)
  42 deep trolls
  A death drake (shapeshifter) (Vaults:5)
  15 deep elf archers
  3 golden dragon zombies
  A harpy (shapeshifter) (Elf:3)
  7 glowing orange brains
  A glowing orange brain (shapeshifter) (Vaults:5)
  8 infernal demonspawn (Pan)
  A tengu zombie (Depths:2)
  5 naga ritualists
  9 torturous demonspawn
  9 wizards
  7 anaconda skeletons
  13 ironbrand convokers
  A lindwurm (shapeshifter) (Vaults:5)
  2 ghost moth zombies
  6 golden dragon skeletons
  9 shadow dragon zombies
  Pikel (D:8)
  4 orb spiders
  5 wolf spider zombies
  22 orc knights
  A sphinx zombie (Depths:3)
  6 iron dragon zombies
  28 necromancers
  64 deep elf magi
  6 wolf spiders
  22 phantasmal warriors
  4 harpies
  A mana viper (shapeshifter) (Depths:3)
  2 orb spiders (shapeshifter)
  9 frost giant zombies
  A lindwurm (Lair:6)
  9 stone giant zombies
  A manticore (shapeshifter) (Vaults:5)
  12 manticores
  9 mana vipers
  57 ugly things
  6 cyclopes
  6 shining eyes
  A cyclops (shapeshifter) (D:14)
  11 fauns
  8 stone giant skeletons
  6 orc sorcerers
  7 shadow dragon skeletons
  10 salamanders
  A moth of wrath (shapeshifter) (Abyss:4)
  3 shock serpent zombies
  9 worldbinders
  5 frost giant skeletons
  9 iron dragon skeletons
  An elephant (shapeshifter) (Elf:3)
  A glowing shapeshifter (Vaults:5)
  14 guardian serpents
  A black mamba (shapeshifter) (Vaults:1)
  3 dire elephant zombies
  7 merfolk sirens
  3 fire giant zombies
  6 fire giant skeletons
  7 ice statues
  43 rust devils
  71 smoke demons
  17 moths of wrath
  3 water nymphs
  A titan simulacrum (Coc:7)
  23 naga magi
  6 eyes of devastation
  A torpor snail (Lair:2)
  4 molten gargoyles
  20 vault sentinels
  6 apocalypse crabs
  12 spiny frogs
  Joseph (D:7)
  6 gargoyles
  2 spiny frogs (shapeshifter)
  28 orange demons
  4 rime drakes
  27 black mambas
  2 storm dragon simulacra
  4 emperor scorpion zombies
  23 hellions
  4 spectral swamp worms (Tar:7)
  2 catoblepas zombies
  A shock serpent skeleton (Geh:5)
  5 dire elephant skeletons
  2 death yak zombies (Crypt:2)
  A komodo dragon (shapeshifter) (Vaults:1)
  A rime drake (shapeshifter) (Vaults:2)
  40 freezing wraiths
  14 efreet
  17 demonic crawlers
  4 anaconda simulacra
  51 yaktaurs
  6 kobold demonologists
  2 elf zombies
  23 hellwings
  A spark wasp simulacrum (Depths:3)
  A golden dragon simulacrum (Coc:1)
  24 hydra zombies
  A yaktaur (shapeshifter) (Depths:1)
  21 ancient zymes
  46 ice devils
  5 catoblepas skeletons (Abyss:3)
  10 merfolk
  12 komodo dragons
  A queen ant zombie (Crypt:2)
  40 tormentors
  3 polar bears
  A merfolk (shapeshifter) (Depths:2)
  33 red devils
  6 harpy zombies
  A queen bee (Lair:3)
  2 tengu conjurers (Depths:2)
  11 trolls
  2 death yak skeletons
  A meliai (shapeshifter) (Vaults:3)
  44 saltlings
  6 hornets
  41 guardian mummies
  2 wind drakes (shapeshifter)
  2 spectral guardian serpents (Crypt:3)
  6 harpy skeletons
  A wolf spider simulacrum (IceCv)
  7 hydra skeletons
  73 raiju
  109 large abominations
  5 wind drakes
  40 blink frogs
  10 ettin zombies
  3 hippogriffs (shapeshifter)
  147 slime creatures
  A bog body (Crypt:3)
  4 fire dragon zombies
  A fire giant simulacrum (Vaults:4)
  A frost giant simulacrum (Crypt:1)
  4 alligator zombies
  155 flying skulls
  An iron dragon simulacrum (Tomb:1)
  A snapping turtle (shapeshifter) (Vaults:2)
  3 dream sheep
  5 ice dragon zombies
  4 snapping turtles
  113 starcursed masses
  9 hippogriffs
  35 shadows
  A spriggan simulacrum (Depths:2)
  10 ettin skeletons
  3 alligator skeletons
  30 ushabtiu
  52 ynoxinuls
  4 spriggans
  16 water elementals
  46 air elementals
  15 fire elementals
  4 vampires
  6 dire elephant simulacra
  A guardian serpent skeleton (Crypt:3)
  7 ice dragon skeletons
  A tarantella (shapeshifter) (Vaults:1)
  3 wyverns
  7 hogs
  32 wraiths
  A yak (shapeshifter) (D:14)
  20 yaks
  4 fire dragon skeletons
  A human (D:9)
  9 fire bats
  19 golden eyes
  2 steam dragons (D:12)
  9 basilisks
  9 hungry ghosts
  2 black mamba skeletons
  6 vampire mosquitoes (Abyss:2)
  A steam dragon (shapeshifter) (Elf:3)
  36 neqoxecs
  27 chaos spawn
  An emperor scorpion simulacrum (Abyss:3)
  3 human simulacra
  Menkaure (D:6)
  42 nagas
  12 spatial vortices
  4 wargs
  4 harpy simulacra (IceCv)
  27 insubstantial wisps
  An elf simulacrum (Depths:2)
  2 two-headed ogre zombies (D:12)
  8 hydra simulacra
  A soldier ant (D:14)
  90 hell hounds
  An iron troll simulacrum (IceCv)
  3 acid dragons
  2 merfolk zombies
  A naga (shapeshifter) (Depths:1)
  15 water moccasins
  6 spiny frog zombies
  10 porcupines
  A floating eye (Depths:5)
  4 sky beasts
  64 orc warriors
  3 swamp dragon zombies
  A black bear (shapeshifter) (Vaults:1)
  2 manticore zombies
  12 ice beasts
  2 ettin simulacra
  10 eyes of draining
  2 black bears
  8 spiny frog skeletons
  An eye of draining (shapeshifter) (Abyss:4)
  An alligator simulacrum (Coc:5)
  29 necrophages
  4 snapping turtle zombies
  29 ogres
  4 snapping turtle skeletons
  11 boggarts
  15 phantoms
  8 wolves
  2 manticore skeletons
  2 swamp dragon skeletons
  12 crocodiles
  20 centaurs
  14 big kobolds
  17 earth elementals
  A wyvern zombie (D:14)
  A bullfrog (shapeshifter) (Vaults:3)
  A gnoll sergeant (D:5)
  16 bullfrogs
  2 spiny frog simulacra
  2 spriggan zombies
  6 scorpions
  2 wyvern skeletons
  A manticore simulacrum (Tomb:3)
  4 troll zombies (D:12)
  40 killer bees
  4 electric eels
  2 howler monkeys
  104 wights
  5 lava snakes (Lair:6)
  16 crimson imps
  A wyvern simulacrum (D:14)
  2 centaur zombies
  5 jellies
  3 quasits
  2 bullfrog zombies
  2 draconian simulacra (IceCv)
  27 orc priests
  3 centaur skeletons
  A human zombie (Crypt:1)
  Crazy Yiuf (D:7)
  8 hounds
  3 human skeletons
  32 iron imps
  34 orc wizards
  4 iguanas
  22 worker ants
  5 troll simulacra (IceCv)
  A worker ant (shapeshifter) (Vaults:3)
  2 wolf simulacra (IceCv)
  A porcupine skeleton (Crypt:1)
  A killer bee zombie (Crypt:3)
  A centaur simulacrum (Coc:7)
  A dwarf zombie (Crypt:2)
  2 naga zombies
  2 ogre zombies
  A dwarf skeleton (Crypt:3)
  3 tengu skeletons
  An acid dragon skeleton (Crypt:2)
  An ogre skeleton (Dis:4)
  3 hound skeletons
  56 mummies
  A worker ant zombie (D:11)
  6 gnolls
  12 adders
  An ogre simulacrum (IceCv)
  2 naga simulacra (IceCv)
  13 shadow imps
  24 white imps
  12 ufetubi
  2 adder skeletons (D:5)
  An adder zombie (D:6)
  2 worms
  2 ball lightnings (Pan)
  5 dart slugs (D:1)
  2 leopard geckos (D:6)
  143 orcs
  5 spectral bats (Abyss:2)
  4 bat simulacra (Abyss:2)
  5 giant cockroaches
  11 goblins
  8 hobgoblins
  19 jackals
  6 quokkas
  2 ball pythons
  13 bats
  2 frilled lizards
  2 frilled lizard skeletons
  A giant cockroach zombie (Crypt:3)
  3 goblin skeletons
  3 goblin zombies (D:12)
  3 hobgoblin skeletons (D:12)
  A hobgoblin zombie (D:12)
  2 jackal skeletons
  22 kobolds
  2 kobold zombies
  A leopard gecko zombie (D:5)
  6 orc skeletons (D:12)
  8 orc zombies (D:12)
  A quokka skeleton (D:7)
  6 rats
  4 crawling corpses (Elf:3)
  4 fire vortices (Pan)
  17 plants
  33 starspawn tentacles
  4 tentacles
6148 creatures vanquished.

Vanquished Creatures (collateral kills)
  An orb of fire (Zot:5)
  Mennas (Pan)
  2 greater mummies
  2 shard shrikes (Coc:7)
  2 bone dragons
  2 Tzitzimimeh
  2 iron giants (Dis:7)
  A Cloud Mage (WizLab)
  2 tentacled monstrosities
  3 Hell Sentinels
  2 titans
  4 Orb Guardians (Zot:5)
  An Ice Fiend (Coc:7)
  2 pandemonium lords (Pan)
  2 Executioners (Pan)
  An eldritch tentacle (Pan)
  3 tentacled starspawn
  A death cob (Zot:1)
  3 ancient champions
  A sphinx (Tomb:1)
  3 shadow dragons
  A revenant (Tomb:3)
  3 nagarajas
  A draconian knight (Zot:3)
  2 iron dragons (Dis:7)
  3 cacodemons (Pan)
  6 daevas
  A fire giant (Geh:7)
  2 balrugs
  An orc warlord (Orc:1)
  A deep elf elementalist (Abyss:4)
  3 ghouls
  A very ugly thing (Depths:2)
  A war gargoyle (Dis:7)
  9 reapers
  An elemental wellspring (Coc:7)
  A warmonger (Pan)
  A spriggan defender (D:15)
  2 angels (Pan)
  An ironheart preserver (Vaults:3)
  2 draconian shifters (Zot:4)
  An ophan (Pan)
  A blood saint (Pan)
  3 green draconians
  6 stone giants
  A red draconian (Zot:3)
  A lorocyproca (Pan)
  2 spark wasps
  3 purple draconians
  2 ettins (Depths:4)
  4 blizzard demons
  A merfolk javelineer (Shoals:4)
  4 mummy priests
  2 merfolk impalers
  2 deep elf high priests
  A green death (Pan)
  3 ragged hierophants (Desolation)
  2 fire dragons
  A hydra (Lair:4)
  4 ogre magi
  3 naga warriors
  4 rakshasas
  A yaktaur captain (Depths:5)
  5 ice dragons
  A kraken zombie (Coc:7)
  A servant of whispers (Desolation)
  2 vault guards (Vaults:5)
  A spriggan air mage (D:15)
  A peacekeeper (Desolation)
  An anaconda (shapeshifter) (Depths:2)
  3 merfolk aquamancers
  A centaur warrior (Vaults:3)
  2 merfolk avatars (Shoals:3)
  A satyr (Shoals:4)
  3 deep troll shamans
  7 death scarabs
  3 shock serpents
  7 naga sharpshooters
  3 soul eaters
  A storm dragon zombie (Coc:7)
  2 thrashing horrors (Abyss:3)
  4 hell knights
  6 sun demons
  A spriggan (Depths:3)
  An iron golem (Dis:7)
  3 sixfirhies
  An iron troll (Dis:7)
  3 sea snakes
  A spark wasp zombie (Depths:3)
  A spatial maelstrom (Abyss:4)
  A storm dragon skeleton (Tar:7)
  9 skeletal warriors
  A deep troll (Vaults:3)
  A gelid demonspawn (Pan)
  2 infernal demonspawn (Pan)
  2 wretched stars (Abyss:3)
  An anaconda zombie (Coc:2)
  A torturous demonspawn (Pan)
  2 deep elf archers
  A wizard (Vaults:3)
  2 glowing orange brains
  A phantasmal warrior (Crypt:1)
  4 flayed ghosts
  A naga ritualist (Snake:4)
  2 ironbrand convokers
  An orc knight (Vaults:1)
  A wolf spider (shapeshifter) (Vaults:2)
  9 deep elf magi
  2 necromancers
  8 ugly things
  7 fauns
  An orb spider (Zot:1)
  An iron dragon zombie (Geh:3)
  An orc sorcerer (Orc:2)
  A shadow dragon skeleton (Tomb:2)
  A stone giant zombie (Geh:3)
  2 manticores
  A cyclops (D:13)
  2 moths of wrath
  3 fire giant skeletons
  2 guardian serpents (Snake:1)
  11 rust devils
  5 naga magi
  A vault sentinel (Vaults:3)
  An ice statue (Shoals:2)
  12 smoke demons
  6 black mambas
  A merfolk siren (Shoals:4)
  A water nymph (Shoals:4)
  5 orange demons
  A molten gargoyle (Lair:6)
  An apocalypse crab (Abyss:4)
  A hellion (Geh:4)
  A dire elephant skeleton (Tar:7)
  A spiny frog (Lair:4)
  A rime drake (Lair:4)
  2 tormentors
  A demonic crawler (Pan)
  7 yaktaurs
  A komodo dragon (shapeshifter) (Abyss:3)
  2 ice devils
  2 efreet
  2 hellwings
  4 freezing wraiths
  A komodo dragon (Lair:6)
  An ancient zyme (Abyss:4)
  5 guardian mummies
  A harpy zombie (Dis:7)
  3 trolls
  6 red devils
  A silent spectre (Tar:7)
  A human skeleton (Vaults:4)
  12 large abominations
  4 merfolk
  3 hornets
  2 wind drakes
  5 blink frogs
  7 slime creatures
  2 hydra skeletons
  A snapping turtle (Shoals:4)
  5 saltlings (Desolation)
  An ettin zombie (Dis:1)
  8 raiju
  An alligator zombie (Abyss:4)
  12 flying skulls
  A dream sheep (Shoals:4)
  A fire giant simulacrum (Coc:7)
  6 small abominations
  2 ice dragon skeletons
  6 air elementals (WizLab)
  A redback (Vaults:5)
  4 ynoxinuls
  An ettin skeleton (Geh:7)
  2 fire dragon skeletons
  2 water elementals
  2 shadows
  A hog (Lair:5)
  4 wraiths
  4 ushabtiu
  4 chaos spawn
  3 neqoxecs
  3 fire elementals
  A black mamba skeleton (Tar:7)
  A vampire mosquito (Abyss:2)
  2 wargs
  2 hell hounds
  13 nagas
  An acid dragon (Vaults:2)
  A water moccasin (Lair:4)
  2 hydra simulacra (IceCv)
  A spiny frog zombie (Tar:5)
  7 orc warriors
  2 ice beasts (Coc:2)
  10 ogres
  A boggart (Zot:1)
  4 necrophages
  A snapping turtle skeleton (Dis:6)
  4 centaurs
  2 human zombies
  An elf zombie (Tar:7)
  A bullfrog (Lair:4)
  An earth elemental (Abyss:3)
  A spriggan zombie (Tar:7)
  4 wights
  6 starcursed masses
  A hound (D:13)
  2 quasits
  2 orc priests
  17 iron imps
  An orc wizard (Orc:2)
  A troll simulacrum (IceCv)
  An ogre zombie (D:12)
  A human simulacrum (Crypt:1)
  10 mummies
  2 ogre simulacra (IceCv)
  5 white imps
  2 ufetubi
  21 orcs
  3 kobolds (D:12)
  A quokka (D:12)
  A ball python skeleton (Crypt:3)
  2 bats (Abyss:2)
  2 bat simulacra (Abyss:2)
  2 orc skeletons
  An orc zombie (D:12)
  A fire vortex (Pan)
  3 fungi
  2 lurking horrors
  A macabre mass (Depths:3)
  4 plants
  5 starspawn tentacles
  A tentacle (Coc:7)
639 creatures vanquished.

Vanquished Creatures (others)
  Nikola (Shoals:1)
  2 deep elf master archers (Elf:3)
  An ancient champion (Tomb:2)
  5 eldritch tentacles
  A fire giant (Depths:4)
  A revenant (Tomb:1)
  A very ugly thing (Depths:1)
  An elemental wellspring (Coc:7)
  2 stone giants
  A blood saint (Pan)
  2 green deaths (Pan)
  An eidolon (Crypt:3)
  A blizzard demon (Pan)
  3 yaktaur captains
  A quicksilver dragon skeleton (Tomb:3)
  A centaur warrior (D:15)
  17 death scarabs
  A satyr (Shoals:4)
  A hell hog (Dis:1)
  A soul eater (Pan)
  A deep elf knight (Elf:1)
  A shadow wraith (Abyss:3)
  4 skeletal warriors
  3 wizards (Pan)
  A deep elf archer (Elf:3)
  2 large abominations
  An orange crystal statue (Depths:2)
  A cyclops (Vaults:2)
  Maurice (D:8)
  2 smoke demons (Pan)
  7 yaktaurs
  2 hellwings (Pan)
  A spectral swamp worm (Tar:7)
  2 red devils (Pan)
  A wind drake (WizLab)
  4 saltlings (Desolation)
  A raiju (Abyss:3)
  A hydra skeleton (Coc:1)
  An ice dragon zombie (Geh:7)
  5 flying skulls
  A golden eye (Abyss:4)
  A human (Lair:5)
  A chaos spawn (Abyss:3)
  4 small abominations
  3 slaves
  A sky beast (D:8)
  A necrophage (Tar:7)
  A wight (Geh:4)
  An orc priest (D:8)
  4 orc wizards
  5 mummies
  A hound skeleton (D:11)
  A shadow imp (D:11)
  2 white imps (Abyss:4)
  46 ball lightnings (Pan)
  3 orcs
  A quokka (D:10)
  2 blocks of ice (Pan)
  5 fire vortices (Pan)
  3 fungi
  4 lurking horrors
  42 plants
  100 starspawn tentacles
  33 tentacles
353 creatures vanquished.

Grand Total: 7140 creatures vanquished

Notes
Turn   | Place    | Note
-------+----------+-------------------------------------------
     0 | D:1      | seren the Ghoul Monk began the quest for the Orb.
     0 | D:1      | Reached XP level 1. HP: 22/22 MP: 0/0
    96 | D:1      | Reached skill level 1 in Unarmed Combat
   151 | D:1      | Reached XP level 2. HP: 25/28 MP: 1/1
   281 | D:1      | Reached XP level 3. HP: 21/34 MP: 2/2
   728 | D:2      | Noticed a hand axe
   728 | D:2      | Noticed a dagger
   730 | D:2      | Found a hide-covered altar of Uskayaw.
   872 | D:2      | Reached XP level 4. HP: 41/41 MP: 3/3
  1752 | D:3      | Found a stormy altar of Qazlal.
  1946 | D:3      | Found a radiant altar of Vehumet.
  2011 | D:3      | Found a faded altar of an unknown god.
  2073 | D:3      | Reached XP level 5. HP: 19/47 MP: 4/4
  2351 | D:3      | Reached skill level 5 in Unarmed Combat
  2389 | D:4      | Reached XP level 6. HP: 37/52 MP: 5/5
  2437 | D:4      | Found a sparkling altar of Nemelex Xobeh.
  3008 | D:4      | Got a warped falchion {slice}
  3011 | D:4      | Identified the cursed +1 falchion "Fun Hye" {slice, rPois Dex+3} (You took it off an orc wizard on level 4 of the Dungeon)
  3190 | D:4      | Reached XP level 7. HP: 60/60 MP: 6/6
  3327 | D:4      | Found a deep blue altar of Sif Muna.
  3468 | D:4      | Found an iron altar of Okawaru.
  3648 | D:5      | Entered Level 5 of the Dungeon
  3799 | D:5      | Got a heavily runed tin ring
  3807 | D:5      | Identified the ring of the Devil's Advocate {*Drain rPois rC- Str+3 SInv} (You found it on level 5 of the Dungeon)
  4182 | D:5      | Reached XP level 8. HP: 67/67 MP: 7/7
  4577 | D:6      | Reached skill level 10 in Unarmed Combat
  4740 | D:6      | Found an ornate altar of the Wu Jian Council.
  5034 | D:6      | Noticed Menkaure
  5041 | D:6      | Killed Menkaure
  5049 | D:6      | Reached skill level 1 in Armour
  5525 | D:7      | Noticed Joseph
  5596 | D:7      | Reached XP level 9. HP: 64/72 MP: 8/8
  5620 | D:7      | Found a runed door.
  5734 | D:7      | Found a shimmering altar of Xom.
  5835 | D:7      | Found a staircase to the Ecumenical Temple.
  5843 | Temple   | Entered the Ecumenical Temple
  5858 | Temple   | Became a worshipper of Kikubaaqudgha
  5858 | Temple   | Reached * piety under Kikubaaqudgha
  5858 | Temple   | Identified Kikubaaqudgha's Volume of Evil Arts (Kikubaaqudgha gifted it to you in the Ecumenical Temple)
  5858 | Temple   | Received a gift from Kikubaaqudgha
  5858 | Temple   | Reached ** piety under Kikubaaqudgha
  5863 | Temple   | Learned a level 1 spell: Pain
  6591 | D:8      | Noticed Maurice
  6663 | D:8      | Reached skill level 5 in Dodging
  6854 | D:8      | Noticed Pikel
  6861 | D:8      | Killed Pikel
  6876 | D:8      | Killed Maurice
  6986 | D:8      | Noticed a two-headed ogre
  6992 | D:8      | Killed a two-headed ogre
  6992 | D:8      | Reached skill level 5 in Armour
  6992 | D:8      | Reached XP level 10. HP: 78/80 MP: 9/9
  7197 | D:8      | Found a white marble altar of Elyvilon.
  8560 | D:9      | Reached *** piety under Kikubaaqudgha
  8560 | D:9      | Identified Kikubaaqudgha's Handbook of Black Magic (Kikubaaqudgha gifted it to you on level 9 of the Dungeon)
  8560 | D:9      | Received a gift from Kikubaaqudgha
  8579 | D:9      | Found a bloodstained altar of Trog.
  8590 | D:9      | Found a hazy altar of Hepliaklqana.
  8935 | D:10     | Entered Level 10 of the Dungeon
 10325 | D:9      | Upgraded the game from 0.20-a0-1015-g2ec8a95 to 0.20-a0-1017-gc3250ce
 11366 | D:11     | Found a labyrinth entrance.
 11382 | D:11     | Reached skill level 5 in Fighting
 11388 | Lab      | Entered a labyrinth
 12221 | Lab      | Reached XP level 11. HP: 85/88 MP: 10/10
 13357 | Lab      | Noticed a minotaur
 13370 | Lab      | HP: 3/87 [minotaur (8)]
 13371 | Lab      | HP: 1/87 [minotaur (2)]
 13372 | Lab      | Killed a minotaur
 13374 | Lab      | Got a flickering platinum ring
 13417 | Lab      | Got an ichor-stained trident
 13745 | Lab      | Identified the ring "Ycleshre" {rPois rN+ MR+} (You found it in a labyrinth)
 13869 | D:11     | Learned a level 1 spell: Apportation
 13972 | D:11     | Found a staircase to the Lair.
 13984 | Lair:1   | Entered Level 1 of the Lair of Beasts
 13984 | Lair:1   | Noticed Fannar
 14123 | D:11     | Killed Fannar
 14506 | D:11     | Identified the +3 trident "Remuthre" {drain, +Inv Int+7 Stlth-} (You found it in a labyrinth)
 14726 | D:11     | Reached skill level 1 in Shields
 14962 | D:11     | Reached **** piety under Kikubaaqudgha
 15094 | D:11     | Found a roughly hewn altar of Beogh.
 16624 | Lair:1   | Reached skill level 10 in Fighting
 16624 | Lair:1   | Reached XP level 12. HP: 106/106 MP: 11/11
 16919 | Lair:1   | Reached skill level 1 in Necromancy
 17263 | Lair:2   | Found a staircase to the Shoals.
 17301 | Lair:2   | Noticed an eight-headed hydra
 17576 | Lair:1   | Reached skill level 5 in Necromancy
 18428 | D:11     | Learned a level 1 spell: Animate Skeleton
 18508 | D:12     | Noticed Erolcha
 18825 | Lair:3   | Found a shimmering altar of Xom.
 18943 | Lair:3   | Reached ***** piety under Kikubaaqudgha
 19152 | Lair:3   | Found a staircase to the Snake Pit.
 19844 | Lair:3   | Reached XP level 13. HP: 112/116 MP: 12/12
 21360 | Lair:4   | Reached skill level 10 in Armour
 21512 | Lair:5   | Noticed Kirke
 21518 | Lair:4   | Reached skill level 10 in Dodging
 21804 | Lair:5   | Killed Kirke
 21860 | Lair:5   | Reached ****** piety under Kikubaaqudgha
 21882 | Lair:5   | Found a shimmering altar of Xom.
 22477 | Lair:5   | Identified a scroll of acquirement
 22584 | Lair:5   | Learned a level 2 spell: Corpse Rot
 22629 | Lair:6   | Entered Level 6 of the Lair of Beasts
 22838 | Lair:6   | Found a staircase to the Slime Pits.
 23214 | Lair:6   | Reached XP level 14. HP: 94/124 MP: 13/13
 23228 | Lair:6   | Found a large runed door.
 23229 | Lair:6   | Found a large runed door.
 23360 | Lair:6   | Reached skill level 10 in Necromancy
 24476 | D:12     | Found a staircase to the Orcish Mines.
 24563 | Orc:1    | Entered Level 1 of the Orcish Mines
 24643 | Orc:2    | Entered Level 2 of the Orcish Mines
 24643 | Orc:2    | Found a staircase to the Elven Halls.
 24755 | Orc:2    | Upgraded the game from 0.20-a0-1017-gc3250ce to 0.20-a0-1018-ge435b50
 24990 | Orc:2    | Found a roughly hewn altar of Beogh.
 25027 | Orc:2    | Found a roughly hewn altar of Beogh.
 25131 | Orc:1    | Found Pujutwum's Distillery.
 25151 | Orc:1    | Bought a potion of heal wounds for 80 gold pieces
 25151 | Orc:1    | Bought a potion of might for 64 gold pieces
 25151 | Orc:1    | Bought a potion of heal wounds for 80 gold pieces
 25349 | Orc:1    | Found Aggyufiw's Antique Armour Shop.
 25413 | Orc:1    | Bought a warped leather armour for 189 gold pieces
 25413 | Orc:1    | Identified the +1 leather armour of the Constellations {*Slow rF++ rN++} (You bought it in a shop on level 1 of the Orcish Mines)
 25421 | Orc:1    | Found Gidarch's Distillery.
 25441 | Orc:1    | Bought a potion of heal wounds for 65 gold pieces
 26206 | Orc:2    | Found a roughly hewn altar of Beogh.
 26231 | Orc:2    | Paralysed by an orc sorcerer for 2 turns
 26490 | Orc:2    | Found a roughly hewn altar of Beogh.
 26551 | Orc:2    | Found Xeruuze's Gadget Boutique.
 26861 | Orc:2    | Found a roughly hewn altar of Beogh.
 26925 | Orc:2    | Found Baor's Gadget Shoppe.
 27082 | Orc:2    | Noticed an orc warlord
 27346 | Orc:2    | Found Qoroexaf's Antique Weapon Emporium.
 27350 | Orc:2    | Found Zoniy's Antique Armour Shoppe.
 27351 | Orc:2    | Found a roughly hewn altar of Beogh.
 27705 | Orc:2    | Reached skill level 15 in Unarmed Combat
 27805 | Orc:1    | Upgraded the game from 0.20-a0-1018-ge435b50 to 0.20-a0-1020-g7b9e4fe
 27873 | D:12     | Reached skill level 1 in Evocations
 28095 | D:7      | Noticed Crazy Yiuf
 28097 | D:7      | Killed Crazy Yiuf
 28177 | D:7      | Killed Joseph
 28580 | D:12     | Noticed Nessos
 29174 | D:13     | Noticed a sphinx
 29195 | D:13     | sphinx
 29363 | Snake:1  | Entered Level 1 of the Snake Pit
 29429 | Snake:1  | Reached skill level 5 in Evocations
 29516 | Lair:2   | Reached skill level 1 in Spellcasting
 30341 | D:13     | Killed a sphinx
 30449 | D:13     | Reached XP level 15. HP: 97/129 MP: 17/19
 30756 | D:14     | Found a flagged portal.
 30788 | Bailey   | Entered a bailey
 31682 | Bailey   | Reached skill level 5 in Spellcasting
 31682 | Bailey   | Reached XP level 16. HP: 137/137 MP: 21/23
 32299 | D:15     | Entered Level 15 of the Dungeon
 32593 | D:14     | Found a gate to the Vaults.
 32860 | D:13     | Reached skill level 1 in Crossbows
 33145 | D:14     | Upgraded the game from 0.20-a0-1020-g7b9e4fe to 0.20-a0-1025-g4706f7e
 33517 | D:15     | Found a shadowy altar of Dithmenos.
 33549 | D:15     | Found Viext's Changing Room.
 33702 | D:15     | Found a staircase to the Depths.
 33785 | D:15     | Learned a level 3 spell: Vampiric Draining
 34303 | Shoals:1 | Entered Level 1 of the Shoals
 34580 | Shoals:1 | Reached skill level 5 in Crossbows
 34667 | Shoals:1 | Found Nuehuulit's Gadget Boutique.
 34906 | Shoals:2 | Found a frozen archway.
 35026 | IceCv    | Entered an ice cave
 35922 | IceCv    | Noticed an Ice Fiend
 35958 | IceCv    | Killed an Ice Fiend
 36042 | IceCv    | Got a scintillating wooden ring
 36048 | IceCv    | Identified the Volume of the Creative Volcanoes
 36084 | IceCv    | Learned a level 4 spell: Animate Dead
 36372 | Lair:1   | Identified the ring of Zuzan {rElec rC+} (You found it in an ice cave)
 36381 | Lair:1   | Upgraded the game from 0.20-a0-1025-g4706f7e to 0.20-a0-1026-gc3ddcbd
 36384 | Lair:1   | Upgraded the game from 0.20-a0-1026-gc3ddcbd to 0.20-a0-1034-gb277f92
 36389 | Lair:1   | Learned a level 1 spell: Summon Butterflies
 36530 | D:12     | Killed Nessos
 36970 | D:12     | Killed Erolcha
 37763 | Shoals:1 | Noticed Nikola
 37814 | Shoals:1 | Killed Nikola
 38658 | Shoals:3 | Noticed Polyphemus
 38686 | Shoals:3 | Noticed Jorgrun
 38757 | Shoals:2 | Reached skill level 1 in Translocations
 38774 | Shoals:2 | Reached XP level 17. HP: 124/144 MP: 25/25
 38861 | Shoals:3 | Killed Jorgrun
 38917 | Shoals:3 | Learned a level 2 spell: Blink
 38942 | Shoals:3 | Noticed Ilsuiw
 39007 | Shoals:4 | Entered Level 4 of the Shoals
 39576 | Lair:3   | Reached skill level 10 in Crossbows
 40738 | Shoals:3 | Killed Polyphemus
 40816 | Shoals:3 | Found Gokyriy Ynwe's Antique Armour Shoppe.
 40825 | Shoals:3 | Bought a translucent chain mail for 285 gold pieces
 40825 | Shoals:3 | Bought an ichor-stained large shield for 285 gold pieces
 40825 | Shoals:3 | Bought a bloodstained ring mail for 270 gold pieces
 40899 | Shoals:3 | Identified the Disquisition on Protection and Flight
 40925 | Shoals:2 | Identified the +1 chain mail of Time Monsters {rF+++ Int-3 Dex+5 Stlth-} (You bought it in a shop on level 3 of the Shoals)
 40935 | Shoals:2 | Identified the cursed +0 ring mail of the Game of Kings {Dex+9} (You bought it in a shop on level 3 of the Shoals)
 41038 | Lair:1   | Upgraded the game from 0.20-a0-1034-gb277f92 to 0.20-a0-1039-gf554463
 41842 | Shoals:3 | Killed Ilsuiw
 43423 | Snake:1  | Noticed Asterion
 43448 | Snake:1  | Killed Asterion
 43783 | Snake:1  | Noticed Rupert
 43812 | Snake:1  | Killed Rupert
 45391 | Snake:2  | Reached XP level 18. HP: 118/150 MP: 26/26
 45681 | Snake:1  | You fall through a shaft!
 46207 | Snake:2  | Found a shimmering altar of Xom.
 46774 | Snake:2  | Found Kainkeit's Gadget Shop.
 46774 | Snake:2  | Found Yxeap's Jewellery Shoppe.
 46776 | Snake:2  | Found Giequevi's Gadget Shop.
 46793 | Snake:2  | Bought a +2 amulet of reflection for 90 gold pieces
 47029 | Snake:3  | Got a sparkling bone ring
 47031 | Snake:3  | Identified the cursed ring "Tittody" {rElec rC- Int+5 Dex-3} (You found it on level 3 of the Snake Pit)
 47879 | Snake:3  | Found Fiepan's Book Boutique.
 47884 | Snake:3  | Got a translucent longbow
 47885 | Snake:3  | Identified the +4 longbow of Absolution {flame, Int+4 Dex+2} (You found it on level 3 of the Snake Pit)
 48458 | Snake:4  | Entered Level 4 of the Snake Pit
 49700 | Snake:4  | Reached skill level 15 in Fighting
 50161 | Snake:4  | Got a serpentine rune of Zot
 51276 | Shoals:4 | Reached XP level 19. HP: 76/170 MP: 20/27
 51481 | Shoals:4 | Got a barnacled rune of Zot
 51733 | Shoals:4 | Found Wyarih's Food Boutique.
 51741 | Shoals:4 | Bought a meat ration for 50 gold pieces
 52024 | Lair:1   | Upgraded the game from 0.20-a0-1039-gf554463 to 0.20-a0-1043-gbd57889
 52131 | Vaults:1 | Entered Level 1 of the Vaults
 52209 | Vaults:1 | Found Jikofuem's Weapon Emporium.
 52218 | Vaults:1 | Identified Ysihott's Almanac of Icy Envenoming
 53130 | Vaults:1 | Found a portal to a secret trove of treasure.
 55747 | Vaults:2 | Got a jewelled helmet
 55805 | Vaults:2 | Identified the +0 helmet of Poor Excuses {-Tele +Fly rPois Str+10} (You found it on level 2 of the Vaults)
 55812 | Vaults:2 | Noticed Margery
 56423 | Elf:1    | Entered Level 1 of the Elven Halls
 56475 | Elf:1    | Found a magical portal.
 56480 | WizLab   | Entered The Chambers of the Cloud Mage
 56968 | WizLab   | Noticed Ymofrel
 56987 | WizLab   | Killed Ymofrel the Cloud Mage
 57044 | WizLab   | Identified the Handbook of Air
 57046 | WizLab   | Identified Sif Muna's Compendium of the Birds
 57254 | Elf:1    | Found Ziumomni's Magic Scroll Boutique.
 57260 | Elf:1    | Bought a scroll of teleportation for 42 gold pieces
 57260 | Elf:1    | Bought a scroll of magic mapping for 49 gold pieces
 57260 | Elf:1    | Bought a scroll of identify for 28 gold pieces
 57260 | Elf:1    | Bought a scroll of teleportation for 42 gold pieces
 57260 | Elf:1    | Bought a scroll of fog for 28 gold pieces
 57386 | Lair:1   | Upgraded the game from 0.20-a0-1043-gbd57889 to 0.20-a0-1050-g57248f3
 57533 | Trove    | Entered a treasure trove
 57538 | Trove    | Got a scorched helmet
 57549 | Trove    | Got a polished scarf
 57551 | Trove    | Got a pair of transparent boots
 57555 | Trove    | Got a shimmering ring mail
 57559 | Trove    | Got a twisted helmet
 57561 | Trove    | Got a pitted cloak
 57584 | Vaults:1 | Identified the +0 helmet of Nielef {MP+9 Str-4 SInv} (You found it in a treasure trove)
 57587 | Vaults:1 | Identified the +2 pair of boots of Yredelemnul's Favour {rF+ rC+++ rCorr Stlth-} (You found it in a treasure trove)
 57588 | Vaults:1 | Identified the +1 cloak "Zimiruiff" {Str-3 Int+4 Dex+2} (You found it in a treasure trove)
 57589 | Vaults:1 | Identified the +2 helmet "Trusted Companion" {rElec Str+3} (You found it in a treasure trove)
 57601 | Vaults:1 | Identified the +0 ring mail "Qupeot" {+Fly rF- rCorr MP+9} (You found it in a treasure trove)
 57611 | Vaults:1 | Identified the scarf of Burhaec {Str+2} (You found it in a treasure trove)
 57914 | Vaults:2 | Reached XP level 20. HP: 163/179 MP: 28/28
 58211 | Vaults:2 | Killed Margery
 58837 | Vaults:2 | Found a staircase to the Crypt.
 58839 | Vaults:2 | Noticed a Brimstone Fiend
 58853 | Vaults:2 | Noticed a Brimstone Fiend
 58860 | Crypt:1  | Entered Level 1 of the Crypt
 59266 | Crypt:1  | Learned a level 5 spell: Dispel Undead
 59724 | Vaults:3 | Found Viat's Book Shop.
 61523 | Elf:2    | Found a ruined gateway.
 61534 | Desolati | Entered the Desolation of Salt
 61979 | Desolati | Got a scorched platinum ring
 62051 | Desolati | Identified the ring "Ifian" {rCorr Int+2} (You found it in the Desolation of Salt)
 62443 | Desolati | Got a fine dagger
 62445 | Desolati | Identified the Tome of Toxic Protection
 62667 | Desolati | Identified the +8 dagger "Kiohekh" {freeze, rPois rC+ Str+4} (You found it in the Desolation of Salt)
 62698 | Desolati | Reached XP level 21. HP: 165/191 MP: 29/29
 62889 | Desolati | Identified the Compendium of Relativism
 62933 | Desolati | Got a transparent great mace
 62936 | Desolati | Got an iridescent hunting sling
 64013 | Elf:2    | Found a runed gate.
 64013 | Elf:2    | Found a runed gate.
 64014 | Elf:2    | Found a runed gate.
 64730 | Elf:2    | Reached skill level 15 in Armour
 64899 | Elf:2    | Reached skill level 5 in Shields
 65128 | Elf:3    | Entered Level 3 of the Elven Halls
 65216 | Orc:1    | Bought a potion of curing for 39 gold pieces
 65216 | Orc:1    | Bought a potion of resistance for 130 gold pieces
 65216 | Orc:1    | Bought a potion of curing for 39 gold pieces
 65216 | Orc:1    | Bought a potion of cancellation for 104 gold pieces
 65216 | Orc:1    | Bought a potion of resistance for 130 gold pieces
 65216 | Orc:1    | Bought a potion of agility for 52 gold pieces
 65216 | Orc:1    | Bought 2 potions of cancellation for 208 gold pieces
 65216 | Orc:1    | Bought a potion of curing for 39 gold pieces
 66494 | Vaults:3 | Found Kekel's Book Shoppe.
 66891 | Vaults:2 | Upgraded the game from 0.20-a0-1050-g57248f3 to 0.20-a0-1058-g0491fde
 67536 | Elf:3    | Noticed Saint Roka
 68071 | Elf:3    | Killed Saint Roka
 68071 | Elf:3    | Reached XP level 22. HP: 172/202 MP: 24/30
 68470 | Elf:3    | Learned a level 5 spell: Agony
 69677 | Elf:3    | Got a brightly glowing ivory ring
 69682 | Elf:3    | Identified the ring "Zimoylai" {MP+9 Dex+3} (You took it off a deep elf blademaster on level 3 of the Elven Halls)
 69872 | Elf:3    | Got a distressingly furry scale mail
 69873 | Elf:3    | Identified the cursed +0 scale mail of the Trout {rC++ rN+} (You took it off a deep elf high priest on level 3 of the Elven Halls)
 70299 | Elf:2    | Upgraded the game from 0.20-a0-1058-g0491fde to 0.20-a0-1062-g7b787ac
 70753 | Elf:3    | Got an ichor-stained leather armour
 70754 | Elf:3    | Identified the +1 leather armour "Exta" {rF+} (You took it off a deep elf elementalist on level 3 of the Elven Halls)
 71016 | Elf:3    | Got a transparent war axe {pain}
 71019 | Elf:3    | Identified the +9 war axe "Kusy" {pain, Dex+4} (You took it off a deep elf elementalist on level 3 of the Elven Halls)
 71244 | Elf:3    | Got a pair of twisted gloves
 71255 | Elf:3    | Identified the +2 pair of gloves of the Trees {Int+3} (You found it on level 3 of the Elven Halls)
 72532 | Crypt:1  | You fall through a shaft!
 72532 | Crypt:2  | Noticed Khufu
 72532 | Crypt:2  | Noticed a greater mummy
 72532 | Crypt:2  | Noticed a greater mummy
 73347 | Crypt:1  | Got a twisted robe
 74175 | Crypt:1  | Killed Khufu
 74175 | Crypt:1  | Reached skill level 10 in Evocations
 74323 | Crypt:1  | Killed a greater mummy
 74350 | Crypt:2  | Killed a greater mummy
 74350 | Crypt:2  | Reached XP level 23. HP: 215/215 MP: 30/32
 75317 | Crypt:3  | Entered Level 3 of the Crypt
 77277 | Crypt:3  | Reached skill level 15 in Necromancy
 77310 | Crypt:3  | Got a slimy bronze ring
 77313 | Crypt:3  | Identified the ring of Capiur {rN+ Int+2} (You took it off a skeletal warrior on level 3 of the Crypt)
 77595 | Crypt:3  | Got a steaming ivory ring
 77728 | Crypt:3  | Found an ancient bone altar of Kikubaaqudgha.
 78095 | Crypt:3  | Identified the ring of Maklimih {rElec rC- rN+ Str+2 SInv} (You took it off an ancient champion on level 3 of the Crypt)
 78236 | Crypt:3  | Reached XP level 24. HP: 213/223 MP: 30/35
 78330 | Crypt:3  | Noticed an ancient lich
 78348 | Crypt:3  | Killed an ancient lich
 78469 | Crypt:3  | Identified the Catalogue of Fire and Toxins
 78495 | Crypt:3  | Upgraded the game from 0.20-a0-1062-g7b787ac to 0.20-a0-1065-g8446734
 78536 | Crypt:3  | Got a pitted silver ring
 78538 | Crypt:3  | Identified the ring of Vahan {rN+ Dex+6} (You took it off a skeletal warrior on level 3 of the Crypt)
 79220 | Crypt:3  | Found a staircase to the Tomb.
 79226 | Tomb:1   | Entered Level 1 of the Tomb of the Ancients
 79788 | Lair:1   | Identified the +6 large shield of Indomitability {Regen+ Int-4 Dex+3} (You bought it in a shop on level 3 of the Shoals)
 79934 | Depths:1 | Entered Level 1 of the Depths
 79965 | Depths:1 | Noticed the Enchantress
 79966 | Depths:1 | Noticed Aizul
 80983 | Vaults:3 | Found Garrimoi's Magic Scroll Emporium.
 81003 | Vaults:3 | Bought a scroll of fog for 24 gold pieces
 81003 | Vaults:3 | Bought a scroll of brand weapon for 240 gold pieces
 81003 | Vaults:3 | Bought a scroll of teleportation for 36 gold pieces
 81339 | Vaults:3 | Found Wumpux's Distillery.
 81852 | Vaults:3 | Found Egycuarch's Book Emporium.
 84100 | D:15     | Killed the Enchantress
 84106 | D:15     | Got faerie dragon scales
 84140 | D:15     | Identified the +4 faerie dragon scales {rCorr Stlth+} (You took it off the Enchantress on level 15 of the Dungeon)
 84306 | D:15     | Killed Aizul
 84458 | D:15     | Reached XP level 25. HP: 229/232 MP: 35/35
 85408 | Depths:1 | Found a gateway to Hell.
 85557 | Depths:1 | Found Niuhelom's Magic Scroll Shoppe.
 85601 | Depths:1 | Bought a scroll of fear for 73 gold pieces
 85601 | Depths:1 | Bought a scroll of teleportation for 63 gold pieces
 85601 | Depths:1 | Bought a scroll of blinking for 157 gold pieces
 85601 | Depths:1 | Bought a scroll of teleportation for 63 gold pieces
 86284 | Depths:2 | Found a one-way gate to the infinite horrors of the Abyss.
 88330 | Depths:3 | Noticed Mara
 88368 | Depths:2 | Identified a +6 quick blade of pain (a +4 quick blade bloodied by Kikubaaqudgha)
 88368 | Depths:2 | Received a gift from Kikubaaqudgha
 88533 | Depths:2 | Reached skill level 1 in Short Blades
 88984 | Depths:3 | Reached skill level 5 in Short Blades
 88987 | Depths:3 | Noticed seren's illusion
 89666 | Depths:3 | Reached XP level 26. HP: 232/248 MP: 35/35
 89670 | Depths:3 | Got a pitted halberd {chop}
 89684 | Depths:3 | Identified the +7 halberd of Edup {chop, rC+ MP+9} (You took it off a fire giant on level 3 of the Depths)
 89793 | Depths:3 | Got a transparent helmet
 89808 | Depths:3 | Identified the +2 helmet "Difug" {rF+ Dex+5} (You found it on level 3 of the Depths)
 90338 | Depths:3 | Noticed seren's illusion
 90466 | Depths:3 | Killed Mara
 90657 | Depths:3 | Reached skill level 10 in Shields
 90668 | Depths:3 | Found a one-way gate leading to the halls of Pandemonium.
 91455 | Depths:4 | Identified the Papyrus of Conjuration and Moulding
 91749 | Depths:4 | Upgraded the game from 0.20-a0-1065-g8446734 to 0.20-a0-1074-g6a0a8e1
 92182 | Depths:4 | Found an iron altar of Okawaru.
 92397 | Depths:4 | Got a faintly glowing battleaxe {freeze}
 92553 | Depths:4 | Got a transparent crystal plate armour
 92554 | Depths:4 | Identified the +7 crystal plate armour "Hatril Esul" {rC+ MP+9} (You took it off an orc knight on level 4 of the Depths)
 92701 | Depths:4 | Got an ancient buckler
 92707 | Depths:4 | Identified the +0 buckler of the Gloaming {Int+9} (You found it on level 4 of the Depths)
 93087 | Lair:1   | Learned a level 5 spell: Cigotuvi's Embrace
 93094 | Lair:1   | Learned a level 6 spell: Death Channel
 93108 | Lair:1   | Identified the cursed +1 battleaxe of the Endless Expanse {freeze, Dex+4} (You took it off an orc knight on level 4 of the Depths)
 93908 | Depths:5 | Entered Level 5 of the Depths
 94834 | Depths:5 | Found a gateway to a ziggurat.
 94898 | Depths:5 | Reached XP level 27. HP: 256/256 MP: 35/35
 95072 | Depths:5 | Found a gate to the Realm of Zot.
 95174 | Depths:5 | Reached skill level 15 in Shields
 95312 | Hell     | Entered the Vestibule of Hell
 95312 | Hell     | Noticed Geryon
 96073 | Vaults:3 | Bought a book of Debilitation for 520 gold pieces
 96078 | Vaults:3 | Learned a level 3 spell: Portal Projectile
 96388 | Depths:1 | Bought 3 scrolls of brand weapon for 1260 gold pieces
 96388 | Depths:1 | Bought a scroll of teleportation for 63 gold pieces
 96388 | Depths:1 | Bought a scroll of teleportation for 63 gold pieces
 97978 | Tomb:1   | Noticed a greater mummy
 97984 | Tomb:1   | Noticed a greater mummy
 98217 | Crypt:3  | Killed a greater mummy
 98217 | Crypt:3  | Reached skill level 1 in Hexes
 98340 | Tomb:1   | Killed a greater mummy
 98661 | Tomb:1   | Noticed Boris
 98690 | Tomb:1   | Killed Boris
 99698 | Slime:1  | Entered Level 1 of the Pits of Slime
100009 | Slime:1  | Reached skill level 5 in Hexes
100199 | Slime:1  | Reached skill level 5 in Translocations
101278 | Slime:1  | Reached skill level 10 in Spellcasting
101346 | Slime:1  | Upgraded the game from 0.20-a0-1074-g6a0a8e1 to 0.20-a0-1078-g4874019
103558 | Slime:5  | Entered Level 5 of the Pits of Slime
104313 | Slime:5  | Noticed the Royal Jelly
104330 | Slime:5  | Killed the Royal Jelly
104712 | Slime:5  | Got a slimy rune of Zot
104785 | Slime:5  | Got a slimy hand axe
104786 | Slime:5  | Identified the +7 hand axe of Sewaomuo {chaos, rPois rC+ Int+4 Dex+4} (You found it on level 5 of the Pits of Slime)
104800 | Slime:5  | Got a scorched hunting sling
104801 | Slime:5  | Identified the +7 hunting sling of the Bear {venom, rF+ MR+ Int+4} (You found it on level 5 of the Pits of Slime)
104812 | Slime:5  | Got an ancient chain mail
104823 | Slime:5  | Identified the +7 chain mail of the Old World {rPois MR+++ MP-9 SInv} (You found it on level 5 of the Pits of Slime)
104891 | Slime:5  | Got a brightly glowing shortbow
104899 | Slime:5  | Identified the +8 shortbow of Emomueq {venom, rPois Int+3} (You found it on level 5 of the Pits of Slime)
105533 | Depths:5 | Paralysed by a floating eye for 3 turns
106208 | Zot:1    | Entered Level 1 of the Realm of Zot
107776 | Zot:1    | Found a basalt altar of Yredelemnul.
107958 | Zot:1    | Upgraded the game from 0.20-a0-1078-g4874019 to 0.20-a0-1086-g4bd2f5b
109195 | Zot:2    | Found a large runed door.
109195 | Zot:2    | Found a large runed door.
109786 | Zot:2    | Found a large runed door.
109786 | Zot:2    | Found a large runed door.
109926 | Zot:3    | Reached skill level 27 in Fighting
110171 | Zot:3    | Got a spiked leather armour
110172 | Zot:3    | Identified the +3 leather armour of Wedos {-Cast rC+ Str+3 Slay+3} (You found it on level 3 of the Realm of Zot)
110637 | Zot:3    | Got a crude ivory amulet
110641 | Zot:3    | Identified the amulet "Oxocuk" {RegenMP +Fly rF+ MR+} (You acquired it on level 3 of the Realm of Zot)
111603 | Depths:3 | Noticed Sojobo
111630 | Depths:3 | Killed Sojobo
112767 | Vaults:5 | Entered Level 5 of the Vaults
113094 | Vaults:5 | Noticed herpmino's ghost (adept VSGl)
113117 | Vaults:5 | Killed herpmino's ghost
113293 | Vaults:5 | Got a silver rune of Zot
113759 | Vaults:5 | Got a heavily runed glass ring
113764 | Vaults:5 | Identified the ring of the Hundredfold Runes {EV+1 Int+2} (You found it on level 5 of the Vaults)
113999 | Vaults:5 | Got an uncursed crude great sword {vamp}
114009 | Vaults:5 | Identified the +1 great sword "Newtslayer" {vamp, Int+7} (You took it off an ironheart preserver on level 5 of the Vaults)
114115 | Vaults:5 | Got a jewelled plate armour
114116 | Vaults:5 | Identified the +4 plate armour of Mapicsif {rPois} (You took it off a vault guard on level 5 of the Vaults)
114276 | Vaults:5 | Noticed an ancient lich
114296 | Vaults:5 | Killed an ancient lich
114300 | Vaults:5 | Reached skill level 15 in Crossbows
114361 | Vaults:5 | Got a pair of translucent gloves
114370 | Vaults:5 | Noticed Frederick
114396 | Vaults:5 | Killed Frederick
114498 | Vaults:5 | Identified the +0 pair of gloves of the Good {*Slow rCorr Str-3 Dex+8} (You found it on level 5 of the Vaults)
114958 | Vaults:5 | Identified Ribylif's Almanac of Ethics
115148 | Vaults:5 | Got a pair of bloodstained gloves
115159 | Vaults:5 | Identified the cursed -2 pair of gloves of Beogh's Displeasure {+Fly} (You found it on level 5 of the Vaults)
116175 | Hell     | Killed Geryon
116833 | Hell     | Found a gateway to the decaying netherworld of Tartarus.
116914 | Hell     | Found a gateway to the ashen valley of Gehenna.
117039 | Hell     | Found a gateway to the Iron City of Dis.
117112 | Hell     | Found a gateway to the freezing wastes of Cocytus.
117284 | Depths:2 | Voluntarily entered the Abyss.
117588 | Abyss:1  | Noticed an ancient lich
117594 | Depths:2 | Escaped the Abyss
117781 | Depths:2 | Voluntarily entered the Abyss.
117855 | Abyss:1  | Killed an ancient lich
118457 | Depths:2 | Escaped the Abyss
118674 | Lair:1   | Learned a level 6 spell: Simulacrum
119121 | Tomb:2   | Noticed a greater mummy
119121 | Tomb:2   | Noticed an ancient lich
119121 | Tomb:2   | Noticed a greater mummy
119121 | Tomb:2   | Noticed a greater mummy
119125 | Tomb:2   | Noticed graki42's ghost (veteran HOFi)
119126 | Tomb:2   | Noticed Jory
119511 | Tomb:1   | Noticed a greater mummy
119530 | Tomb:1   | Noticed a greater mummy
119530 | Tomb:1   | Killed a greater mummy
119531 | Tomb:1   | Noticed a greater mummy
119540 | Tomb:1   | Noticed a greater mummy
120376 | Geh:1    | Entered Level 1 of Gehenna
120577 | Geh:2    | Reached skill level 1 in Ice Magic
120630 | Geh:4    | Reached skill level 1 in Summonings
121123 | Geh:7    | Entered Level 7 of Gehenna
121151 | Geh:7    | Reached skill level 5 in Ice Magic
123588 | Geh:5    | Reached skill level 10 in Ice Magic
124113 | Geh:7    | Noticed Asmodeus
124169 | Geh:7    | Got an obsidian rune of Zot
124295 | Tar:1    | Entered Level 1 of Tartarus
125858 | Tar:4    | Reached skill level 5 in Summonings
126423 | Tar:7    | Entered Level 7 of Tartarus
127073 | Vaults:3 | Bought a book of Summonings for 1400 gold pieces
127080 | Vaults:3 | Learned a level 5 spell: Aura of Abjuration
128716 | Tar:7    | Noticed Sphara's ghost (legendary DgAE)
129205 | Hell     | Upgraded the game from 0.20-a0-1086-g4bd2f5b to 0.20-a0-1089-g3fde505
129511 | Lair:1   | Learned a level 5 spell: Silence
129934 | Zot:4    | Reached skill level 1 in Air Magic
130162 | Zot:4    | Reached skill level 27 in Unarmed Combat
130451 | Zot:5    | Entered Level 5 of the Realm of Zot
130924 | Zot:5    | Reached skill level 5 in Air Magic
131291 | Zot:5    | Noticed an orb of fire
131326 | Zot:5    | Killed an orb of fire
131637 | Zot:5    | Noticed an orb of fire
131662 | Zot:5    | Killed an orb of fire
131692 | Zot:5    | Noticed an orb of fire
131693 | Zot:5    | Cast into level 5 of the Abyss (the power of Zot)
131693 | Abyss:5  | Entered Level 5 of the Abyss
131699 | Abyss:5  | Found a corrupted altar of Lugonu.
131755 | Abyss:5  | Found a deep blue altar of Sif Muna.
132168 | Zot:5    | Escaped the Abyss
132184 | Zot:5    | Killed an orb of fire
132453 | Zot:5    | Noticed an orb of fire
132465 | Zot:5    | Killed an orb of fire
132477 | Zot:5    | Noticed an ancient lich
132484 | Zot:5    | Killed an ancient lich
132484 | Zot:5    | Reached skill level 15 in Dodging
132676 | Zot:5    | Reached skill level 10 in Summonings
132757 | Zot:5    | Noticed an orb of fire
132772 | Zot:5    | Killed an orb of fire
132792 | Zot:5    | Noticed an orb of fire
132795 | Zot:5    | Noticed an orb of fire
132807 | Zot:5    | Killed an orb of fire
132810 | Zot:5    | Noticed an orb of fire
132844 | Zot:5    | Killed an orb of fire
132853 | Zot:5    | Killed an orb of fire
133038 | Zot:5    | Noticed an ancient lich
133049 | Zot:5    | Killed an ancient lich
133431 | Depths:4 | Voluntarily entered the Abyss.
134067 | Abyss:2  | Got a polished glaive
134068 | Abyss:2  | Identified the +3 glaive of the Beast {vamp, Str+2} (You found it on level 2 of the Abyss)
135538 | Abyss:3  | Noticed an ancient lich
135552 | Abyss:3  | Killed an ancient lich
136446 | Abyss:3  | Found a corrupted altar of Lugonu.
137070 | Abyss:4  | Found a corrupted altar of Lugonu.
137098 | Abyss:4  | Found a corrupted altar of Lugonu.
138370 | Abyss:4  | Upgraded the game from 0.20-a0-1089-g3fde505 to 0.20-a0-1101-g1de9d76
138375 | Depths:4 | Escaped the Abyss
139522 | Tar:7    | Identified Emoq Ido's Reference Book on the Feathery Compass
139538 | Tar:7    | Got a twisted dagger
139539 | Tar:7    | Identified the +9 dagger "Kahuq" {chaos, rF+} (You found it on level 7 of Tartarus)
139542 | Tar:7    | Got a sapphire falchion
139543 | Tar:7    | Identified the +9 falchion "Meny" {slice, Str+2} (You found it on level 7 of Tartarus)
140003 | Tar:7    | Got a jewelled executioner's axe
140004 | Tar:7    | Identified the +1 executioner's axe of the Gnat {freeze, rC+++} (You found it on level 7 of Tartarus)
140075 | Tar:7    | Noticed Ereshkigal
140154 | Tar:7    | Killed Ereshkigal
140277 | Tar:7    | Identified the Guide on Destructive Execration
140284 | Tar:7    | Got a bone rune of Zot
140293 | Tar:7    | Got a fine morningstar
140294 | Tar:7    | Identified the +6 morningstar of Winter {flame, Int+2 Dex+5} (You found it on level 7 of Tartarus)
140321 | Tar:7    | Got a bloodstained mace
140322 | Tar:7    | Identified the +3 mace of Vyweuset {crush, rElec rF+++ rC+++ Int-4} (You found it on level 7 of Tartarus)
141002 | Coc:1    | Entered Level 1 of Cocytus
143091 | Coc:7    | Entered Level 7 of Cocytus
143328 | Coc:7    | Reached skill level 15 in Summonings
144136 | Coc:7    | Noticed Antaeus
144231 | Coc:7    | Killed Antaeus
144471 | Coc:7    | Got an icy rune of Zot
144995 | Dis:1    | Entered Level 1 of the Iron City of Dis
145733 | Dis:3    | Reached skill level 5 in Stealth
146885 | Dis:2    | Upgraded the game from 0.20-a0-1101-g1de9d76 to 0.20-a0-1109-ge3cd172
147429 | Dis:7    | Entered Level 7 of the Iron City of Dis
148136 | Dis:7    | Learned a level 7 spell: Haunt
148699 | Dis:7    | Got a pitted tin ring
148701 | Dis:7    | Identified the ring "Datuczau" {+Fly rElec Str+7} (You took it off an iron imp on level 7 of the Iron City of Dis)
148782 | Dis:7    | Got a translucent silver ring
148786 | Dis:7    | Identified the ring "Notzok" {Wiz *Corrode +Blink rC+ Int+3} (You found it on level 7 of the Iron City of Dis)
148873 | Dis:7    | Got an encrusted hand crossbow
148874 | Dis:7    | Identified the +6 hand crossbow of Famine {venom, +Fly rC+++ Str+3 Stlth-} (You took it off a red devil on level 7 of the Iron City of Dis)
148938 | Dis:7    | Reached skill level 10 in Stealth
149063 | Dis:7    | Noticed Dispater
149104 | Dis:7    | Killed Dispater
149162 | Dis:7    | Got an iron rune of Zot
150276 | Lair:1   | Learned a level 2 spell: Swiftness
150530 | Depths:2 | Voluntarily entered the Abyss.
150874 | Abyss:1  | Found a corrupted altar of Lugonu.
151039 | Abyss:1  | Noticed an ancient lich
151049 | Abyss:1  | Killed an ancient lich
151107 | Abyss:1  | Paralysed by accursed screaming for 1 turns
151112 | Abyss:1  | Paralysed by accursed screaming for 1 turns
151296 | Abyss:1  | Reached skill level 15 in Spellcasting
151784 | Abyss:1  | Found a corrupted altar of Lugonu.
151794 | Abyss:1  | Found a corrupted altar of Lugonu.
151809 | Depths:2 | Escaped the Abyss
152378 | Depths:4 | Voluntarily entered the Abyss.
152432 | Abyss:2  | Found a corrupted altar of Lugonu.
152474 | Abyss:3  | Found a corrupted altar of Lugonu.
152480 | Abyss:3  | Found a corrupted altar of Lugonu.
153173 | Abyss:3  | Got an abyssal rune of Zot
153307 | Abyss:3  | Reached skill level 15 in Stealth
153387 | Abyss:3  | Paralysed by accursed screaming for 2 turns
153394 | Abyss:3  | Paralysed by accursed screaming for 2 turns
153670 | Abyss:3  | Found a corrupted altar of Lugonu.
153700 | Depths:4 | Escaped the Abyss
154061 | Pan      | Entered Pandemonium
154499 | Pan      | Found an exit through the horrors of the Abyss.
154513 | Pan      | Noticed Eveodyra the pandemonium lord
154530 | Pan      | Killed Eveodyra the pandemonium lord
154580 | Pan      | Got a translucent granite ring
154581 | Pan      | Identified the ring of the Rose {rPois MR+} (You found it in Pandemonium)
154617 | Pan      | Noticed Mennas
154642 | Pan      | Killed Mennas
154763 | Pan      | Noticed Doxary the pandemonium lord
154782 | Pan      | Killed Doxary the pandemonium lord
154954 | Pan      | Found a runed door.
154978 | Pan      | Found a runed door.
154979 | Pan      | Found a runed door.
154987 | Pan      | Noticed Rofuryw the pandemonium lord
155008 | Pan      | Killed Rofuryw the pandemonium lord
155026 | Pan      | Found a runed door.
155070 | Pan      | Found an exit through the horrors of the Abyss.
155152 | Pan      | Noticed Punymio the pandemonium lord
155163 | Pan      | Killed Punymio the pandemonium lord
155195 | Pan      | Reached skill level 15 in Evocations
156105 | Pan      | Noticed a seraph
156481 | Pan      | Found a glowing golden altar of the Shining One.
156507 | Pan      | Killed a seraph
156511 | Pan      | Got a brightly glowing great sword {speed}
156564 | Pan      | Got an encrusted chain mail
156566 | Pan      | Got a demonic rune of Zot
156569 | Pan      | Got a transparent demon blade
156575 | Pan      | Identified the +5 demon blade of Fate {drain, rPois Str-4 SInv} (You found it in Pandemonium)
156587 | Pan      | Identified the cursed +1 chain mail of Precision Catastrophes {Dex-5 SInv Stlth+} (You found it in Pandemonium)
156920 | Pan      | Found a glowing silver altar of Zin.
157509 | Pan      | Got an ichor-stained large shield
157520 | Pan      | Identified the +8 large shield "Buxuac" {-Cast rElec Str+7 SInv} (You took it off a daeva in Pandemonium)
157656 | Depths:3 | Escaped Pandemonium
157668 | Pan      | Entered Pandemonium
157733 | Pan      | Found an exit through the horrors of the Abyss.
158224 | Pan      | Noticed Ficadix the pandemonium lord
158249 | Pan      | Killed Ficadix the pandemonium lord
158663 | Pan      | Found a huge runed gate.
158708 | Pan      | Found an exit through the horrors of the Abyss.
159137 | Pan      | Entered the realm of Mnoleg.
159252 | Pan      | Found an exit through the horrors of the Abyss.
159930 | Pan      | Noticed Mnoleg
160206 | Pan      | Paralysed by a floating eye for 4 turns
160252 | Pan      | Killed Mnoleg
160290 | Pan      | Got a glowing rune of Zot
161121 | Pan      | Got a translucent spear
161122 | Pan      | Identified the +6 spear "Esamil" {pierce, Dex+3} (You found it in Pandemonium)
161172 | Pan      | Found an exit through the horrors of the Abyss.
161328 | Pan      | Found an exit through the horrors of the Abyss.
161559 | Pan      | Found an exit through the horrors of the Abyss.
161596 | Pan      | Learned a level 2 spell: Passwall
161713 | Pan      | Reached skill level 1 in Transmutations
161713 | Pan      | Reached skill level 1 in Earth Magic
161855 | Pan      | Entered the realm of Gloorx Vloq.
162047 | Pan      | Found an exit through the horrors of the Abyss.
162227 | Pan      | Reached skill level 5 in Earth Magic
162239 | Pan      | Reached skill level 5 in Transmutations
162401 | Pan      | Noticed Gloorx Vloq
162428 | Pan      | Killed Gloorx Vloq
162461 | Pan      | Got a dark rune of Zot
163535 | Pan      | Found an exit through the horrors of the Abyss.
163819 | Pan      | Entered the realm of Lom Lobon.
163844 | Pan      | Found an exit through the horrors of the Abyss.
164445 | Pan      | Noticed Lom Lobon
164551 | Pan      | Got a magical rune of Zot
164798 | Depths:3 | Escaped Pandemonium
164815 | Pan      | Entered Pandemonium
165122 | Pan      | Noticed Katolaxt the pandemonium lord
165136 | Pan      | Killed Katolaxt the pandemonium lord
165256 | Pan      | Found an exit through the horrors of the Abyss.
165698 | Pan      | Reached skill level 10 in Hexes
165782 | Pan      | Noticed Femuff the pandemonium lord
165801 | Pan      | Killed Femuff the pandemonium lord
165949 | Pan      | Found an exit through the horrors of the Abyss.
166650 | Pan      | Noticed Dupioh the pandemonium lord
166657 | Pan      | Entered the realm of Cerebov.
166781 | Pan      | Found an exit through the horrors of the Abyss.
167054 | Pan      | Noticed Cerebov
167396 | Pan      | Got a fiery rune of Zot
167491 | Pan      | Found an exit through the horrors of the Abyss.
167500 | Pan      | Took an exit into the Abyss.
167500 | Abyss:1  | Escaped into the Abyss
167647 | Depths:3 | Escaped the Abyss
168157 | Tomb:2   | Killed a greater mummy
168167 | Tomb:2   | Killed a greater mummy
168175 | Tomb:2   | Killed a greater mummy
168176 | Tomb:2   | Killed Jory
168243 | Tomb:2   | Killed an ancient lich
168311 | Tomb:2   | Reached skill level 10 in Air Magic
168465 | Tomb:2   | Killed graki42's ghost
168833 | Tomb:1   | Noticed a greater mummy
168843 | Tomb:1   | Killed a greater mummy
168852 | Tomb:1   | Killed a greater mummy
168865 | Tomb:1   | Killed a greater mummy
168885 | Tomb:1   | Killed a greater mummy
168913 | Tomb:1   | Noticed a greater mummy
168926 | Tomb:1   | Noticed a greater mummy
168932 | Tomb:1   | Killed a greater mummy
168951 | Tomb:1   | Killed a greater mummy
169037 | Tomb:1   | Noticed a greater mummy
169046 | Tomb:1   | Killed a greater mummy
169070 | Tomb:1   | Noticed a greater mummy
169083 | Tomb:1   | Killed a greater mummy
169086 | Tomb:1   | Noticed a greater mummy
169098 | Tomb:1   | Killed a greater mummy
169122 | Tomb:1   | Noticed a greater mummy
169123 | Tomb:1   | Noticed a greater mummy
169133 | Tomb:1   | Killed a greater mummy
169141 | Tomb:1   | Noticed a greater mummy
169141 | Tomb:1   | Killed a greater mummy
169143 | Tomb:1   | Noticed a greater mummy
169144 | Tomb:1   | Noticed a greater mummy
169152 | Tomb:1   | Noticed a greater mummy
169154 | Tomb:1   | Killed a greater mummy
169160 | Tomb:1   | Killed a greater mummy
169165 | Tomb:1   | Killed a greater mummy
169174 | Tomb:1   | Killed a greater mummy
169240 | Tomb:1   | Noticed a greater mummy
169245 | Tomb:1   | Noticed a greater mummy
169252 | Tomb:1   | Noticed a greater mummy
169257 | Tomb:1   | Killed a greater mummy
169274 | Tomb:1   | Killed a greater mummy
169277 | Tomb:1   | Noticed a greater mummy
169286 | Tomb:1   | Killed a greater mummy
169295 | Tomb:1   | Killed a greater mummy
169305 | Tomb:1   | Noticed a greater mummy
169313 | Tomb:1   | Killed a greater mummy
169317 | Tomb:1   | Noticed a greater mummy
169325 | Tomb:1   | Killed a greater mummy
169326 | Tomb:1   | Noticed a greater mummy
169337 | Tomb:1   | Killed a greater mummy
169366 | Tomb:1   | Noticed a greater mummy
169386 | Tomb:1   | Killed a greater mummy
169525 | Tomb:3   | Entered Level 3 of the Tomb of the Ancients
169583 | Tomb:3   | Noticed a greater mummy
169583 | Tomb:3   | Noticed a greater mummy
169587 | Tomb:3   | Noticed a greater mummy
169588 | Tomb:3   | Noticed a greater mummy
169598 | Tomb:3   | Noticed a greater mummy
169605 | Tomb:3   | Killed a greater mummy
169606 | Tomb:3   | Noticed an ancient lich
169618 | Tomb:3   | Killed an ancient lich
169625 | Tomb:3   | Noticed a greater mummy
169641 | Tomb:3   | Killed a greater mummy
169642 | Tomb:3   | Noticed a greater mummy
169660 | Tomb:3   | Killed a greater mummy
169661 | Tomb:3   | Noticed a greater mummy
169668 | Tomb:3   | Killed a greater mummy
169694 | Tomb:3   | Killed a greater mummy
169734 | Tomb:3   | Killed a greater mummy
169774 | Tomb:3   | Killed a greater mummy
169822 | Tomb:3   | Killed a greater mummy
169964 | Tomb:3   | Got a golden rune of Zot
170030 | Tomb:3   | Identified Juniol's Handbook of the Volcanoes and the Glacier
170225 | Tomb:3   | Got a brightly glowing lapis lazuli ring
170227 | Tomb:3   | Got a pitted large shield
170238 | Tomb:3   | Identified the +0 large shield of the Catamount {rElec Str+2 Int-2} (You found it on level 3 of the Tomb of the Ancients)
170253 | Tomb:3   | Identified the ring "Hubadgh" {rF++ Dex-4 Stlth-} (You found it on level 3 of the Tomb of the Ancients)
170315 | Tomb:3   | Identified Jeigikh's Papyrus of Assistive Curses
170318 | Tomb:3   | Got a vibrating granite ring
170324 | Tomb:3   | Identified the ring of Kyesoehu {rPois Int+3} (You found it on level 3 of the Tomb of the Ancients)
170348 | Tomb:3   | Got a bloodstained flail
170358 | Tomb:3   | Got a transparent trident
170380 | Tomb:3   | Identified the +1 flail "Polaho Quiju" {crush, +Fly rPois rF- Dex+5} (You found it on level 3 of the Tomb of the Ancients)
170381 | Tomb:3   | Identified the cursed +1 trident of the Lurker {drain, rF- rC++ Dex+5} (You found it on level 3 of the Tomb of the Ancients)
170845 | Depths:1 | Bought a scroll of silence for 157 gold pieces
170845 | Depths:1 | Bought a scroll of immolation for 73 gold pieces
171251 | Zot:5    | Noticed an orb of fire
171259 | Zot:5    | Killed an orb of fire
171308 | Zot:5    | Got the Orb of Zot
171386 | Zot:3    | Noticed an ancient lich
171387 | Zot:3    | Noticed Olutesoa the pandemonium lord
171397 | Zot:3    | Killed an ancient lich
171545 | Zot:1    | Noticed Wytwosep the pandemonium lord
171659 | Depths:2 | Noticed Wuqit the pandemonium lord
171767 | D:13     | Noticed Esmor the pandemonium lord
171776 | D:13     | HP: 5/273 [Esmor the pandemonium lord/crystal spear (73)]
171780 | D:13     | Killed from afar by Esmor the pandemonium lord

Vault maps used:
D:1:      lightli_arrival_flooded_house
D:2:      minmay_wonky_spiral, dancing_weapons_uskayaw, grunt_ministairs_12,
          roderic_roman_lattice, kennysheep_cross_room
D:3:      marbit_many_paths, nicolae_overflow_crystal_walls,
          chequers_ecumenical_altar_lobes
D:4:      kennysheep_little_box, lemuel_coloured_pillars_altar, kennysheep_mini
D:5:      first_bread
D:6:      kennysheep_mini_moat, dk_noncrumbling_2, minmay_misc_feat_roman,
          uniq_menkaure
D:7:      tgw_xom, minmay_temple_entry_glassed_door, uniq_crazy_yiuf_cottage,
          uniq_joseph
D:8:      lemuel_round_altar, uniq_pikel, uniq_maurice
D:9:      lemuel_crystal_altar, lemuel_round_altar, grunt_livestock,
          minmay_misc_feat_enclosed
D:11:     grunt_lair_entry_orc_guard_hut, lab_entry_generic, special_room
D:12:     zombieorc2_lemuel, uniq_erolcha, uniq_nessos
D:13:     minmay_connected_boxes_in_corner
D:14:     david_vaults_4, moated_statue, enter_bailey_3
D:15:     grunt_enter_depths_hoard, grunt_dithmenos_shadows,
          nicolae_transmutations_shop
Temple:   jpeg_temple_clearing
Lair:1:   uniq_fannar
Lair:2:   minmay_shoals_entry_centaurs, st_stairs_10,
          grunt_forest_stairs_clearing
Lair:3:   minmay_snake_entry_guardpost_large, basic_altar, special_room,
          beast_lair_carwin_4, grunt_megastairs_3
Lair:5:   basic_altar, grunt_megastairs_2, uniq_kirke
Lair:6:   cheibrodos_lair_end_hotspot, slime_dummy, serial_forest,
          infiniplex_forest_straight_1, infiniplex_forest_lined_room_2,
          infiniplex_forest_zigzag_1, infiniplex_forest_clump_double,
          infiniplex_forest_lined_room_, infiniplex_forest_lined_2,
          infiniplex_forest_straight_3, infiniplex_forest_clump_small
Shoals:1: serial_shops, shop, uniq_nikola
Shoals:2: portal_ice_cave_entry_ice_statue_one
Shoals:3: serial_shops, shop, uniq_polyphemus, uniq_ilsuiw, uniq_jorgrun
Shoals:4: shoals_end_grunt_garden, shoal_ilsuiw, serial_shops, shop
Snake:1:  st_stairs_5, serial_bayou_shore_a, uniq_rupert, uniq_asterion
Snake:2:  basic_altar, spider_trap, minmay_shop_grove
Snake:3:  minmay_shop_star
Snake:4:  snake_pit, grunt_ministairs_4
Slime:1:  nicolae_slime_phagocytosis
Slime:3:  cheibrodos_slime_lost_civilization_7
Orc:1:    nicolae_orc_accident_3, serial_shops, shop,
          nicolae_shop_competitors_out_of_business, shop
Orc:2:    grunt_orc_community_town_hall, grunt_orc_community_big_house_2,
          grunt_orc_community_big_house_1, grunt_orc_community_house_1,
          grunt_orc_community_house_3, grunt_orc_community_house_3,
          grunt_orc_community_house_1
Elf:1:    mu_enter_wizlab_1, serial_shops, nicolae_shop_trees, minivault_28
Elf:2:    portal_desolation_entry_nicolae_nacl
Elf:3:    elf_hall_gauntlet_wide, uniq_saint_roka
Vaults:1: st_lines, vaults_room_grunt_arrival_ludios, hangedman_vaults_impose,
          v_misc_26, hangedman_vaults_maws, vaults_room_fours,
          vaults_room_stairs_pillars, serial_shops, nicolae_shop_waterfront,
          nicolae_trove_entry_diagonal
Vaults:2: hangedman_vaults_unwind, nicolae_vaults_twisting_passages,
          minmay_crypt_entry_nasty_monster, st_more_cells,
          nicolae_vaults_three_branches, ontoclasm_vaults_ligature, v_misc_1,
          nicolae_vaults_little_ls, dpeg_vaults_monster_row, v_alt_pattern_1,
          nicolae_vaults_little_squares_6, v_misc_31,
          nicolae_vaults_little_squares_6, uniq_margery
Vaults:3: vaults_dpeg_encased_lava, v_misc_9, v_misc_23, vaults_mumra_minichess,
          vaults_dpeg_ring, vaults_room_ringed_pool, v_alt_pattern_4,
          hangedman_vaults_nails, hangedman_vaults_snaps, vaults_room_door_hall,
          nicolae_vaults_yaktaur_gun_rack, vaults_room_guarded_vault,
          serial_shops, nicolae_shop_waterfront, shop, shop, shop,
          shop_fountains
Vaults:4: nicolae_vaults_little_squares_6, vaults_room_stairs_pillars,
          v_misc_33, vaults_room_door_ring, v_pattern_5, v_alt_pattern_3,
          ontoclasm_vaults_ring_small, ontoclasm_vaults_chip,
          hangedman_vaults_locks, grunt_vaults_focal, vaults_room_semicircle
Vaults:5: uniq_frederick
Crypt:1:  minivault_25, minivault_24
Crypt:2:  minmay_guarded_unrand_majin_bo, grunt_megastairs_4, uniq_khufu
Crypt:3:  church_of_pain_bobbens, tomb_entry_shell_bobbens, minivault_24,
          nrook_guardian_serpent_ordinary
Tomb:1:   uniq_boris
Tomb:2:   uniq_jory
Depths:1: hell_entry, serial_shops, shop, uniq_enchantress, uniq_aizul
Depths:2: hourglass_vault, grunt_hell_entry_dis_mu, abyss_entry,
          kennysheep_pointless_box, horrible_house_mu,
          infiniplex_staircase_zigzag_2, serial_bayou_shore_b
Depths:3: minmay_heptahexagon, grunt_pan_entry_in_and_out, hex_intersection,
          hell_entry, uniq_sojobo, uniq_mara
Depths:4: evilmike_iron_armoury, pf_coc_iceberg, hangedman_abyss_entry_splay,
          minmay_misc_feat_alley, rand_demon_pan_entry_3
Depths:5: grunt_zot_entry_gee_three, enter_ziggurat_c, hangedman_decor_growths,
          pf_vacation_house_of_asmodeus
Dis:4:    nrook_loot_triangle, evilmike_ambush
Dis:5:    grunt_deathspiral_small
Dis:6:    nicolae_dis_hell_towers
Dis:7:    iron_city_of_dis
Geh:7:    evilmike_geh
Coc:5:    door_vault
Coc:6:    door_vault
Coc:7:    coc_old
Tar:5:    nicolae_tar_cuneiform_city
Tar:7:    tar_minmay_river
Zot:1:    hangedman_orp_of_zott, st_stairs_14
Zot:2:    chequers_guarded_unrand_mask_of_the_dragon
Zot:3:    kennysheep_oblong_rooms, st_stairs_11
Abyss:1:  evilmike_abyss_exit_plants, minivault_26, evilmike_abyss_exit_10,
          evilmike_abyss_exit_smiterflies, evilmike_abyss_exit_10,
          hangedman_abyss_or_decor_lesser_grid, evilmike_abyss_exit_glass
Abyss:2:  minivault_25, evilmike_abyss_exit_chaos
Abyss:3:  minivault_20, minivault_28
Abyss:4:  onia_ninara_dug_in_and_dangerous, evilmike_abyss_rune_tso_outpost
Abyss:5:  hangedman_summoners_spam,
          evilmike_nicolae_abyss_rune_containment_curve
Pan:      grunt_pan_sceptre, grunt_pan_pentagram, pan_blood_fountain,
          grunt_pan_zigzag, pan_blood_fountain, rand_demon_6,
          reaverb_pan_squares, evilmike_mini_pan_other_thingy, uniq_mennas_pan,
          nicolae_pan_sick_transit, evilmike_mini_pan_T, rand_demon_7,
          grunt_pan_in_and_out, evilmike_holy_pan, grunt_pan_frozen_over,
          nicolae_pan_giant_door, rand_demon_5, mnoleg_st, pan_blood_fountain_2,
          evilmike_mini_pan_branches, evilmike_mini_pan_pillars,
          nicolae_pan_sigil_obb, evilmike_mini_pan_doors_b,
          evilmike_mini_pan_other_thingy, nicolae_pan_gloorx_vloqian_3,
          rand_demon_2, evilmike_mini_pan_pillars, gloorx_vloq, rand_demon_5,
          nicolae_pan_sigil_itan, rand_demon_5, pan_blood_fountain_2,
          rand_demon_5, lom_lobon_st, rand_demon_8, reaverb_pan_figure_eight,
          evilmike_mini_pan_rooms, pan_blood_fountain_small,
          evilmike_mini_pan_branches, pan_blood_fountain_small,
          evilmike_mini_pan_doors, nicolae_pan_door_chamber,
          evilmike_mini_pan_3x3, evilmike_mini_pan_branches, cerebov,
          nicolae_pan_double_arrow, nicolae_pan_cerebovesque_1
Lab:      lab_block, nicolae_lab_dead_end, labyrinth_skeletal_remains
Trove:    trove_armour_2
Bailey:   bailey_polearm_flooded_kennysheep, bailey
IceCv:    ice_cave_caverns_01
WizLab:   wizlab_cloud

Skill      XL: |  1  2  3  4  5  6  7  8  9 10 11 12 13 14 15 16 17 18 19 20 21 22 23 24 25 26 27 |
---------------+----------------------------------------------------------------------------------+-----
Unarmed Combat | 1 2 3 4 6 7 9 11 12 15 19 20 21 22 27 | 27.0
Armour         | 2 5 7 8 10 13 15 22 | 22.6
Dodging        | 4 7 8 10 11 13 22 | 22.4
Fighting       | 6 10 11 15 17 18 20 22 27 | 27.0
Shields        | 4 6 9 14 20 | 20.5
Necromancy     | 6 9 10 11 13 15 18 | 18.0
Evocations     | 5 6 7 10 12 17 | 17.2
Spellcasting   | 3 5 6 7 9 15 | 15.0
Crossbows      | 9 10 20 | 20.0
Translocations | 1 2 3 8 |  8.7
Short Blades   | 7 9 |  9.0
Hexes          | 11 | 11.1
Ice Magic      | 12 | 12.0
Summonings     | 18 | 18.0
Air Magic      | 10 | 10.0
Stealth        | 23 | 23.7
Transmutations | 6 |  6.0
Earth Magic    | 7 |  7.0

Action                   |  1- 3 |  4- 6 |  7- 9 | 10-12 | 13-15 | 16-18 | 19-21 | 22-24 | 25-27 || total
-------------------------+-------+-------+-------+-------+-------+-------+-------+-------+-------++-------
Melee: Unarmed           |   132 |   175 |   250 |  1066 |  1394 |  1835 |  2122 |  2254 | 16668 || 25896
       Punch             |     2 |     3 |     5 |    16 |       |       |       |       |     4 ||    30
       Whip              |       |       |       |    19 |    19 |       |       |       |       ||    38
       Scimitar          |       |       |       |       |    10 |       |       |       |       ||    10
       Hand crossbow     |       |       |       |       |       |    14 |       |       |       ||    14
       Quick blade       |       |       |       |       |       |       |       |       |   125 ||   125
 Fire: Hunting sling     |       |       |       |    40 |    95 |       |       |       |       ||   135
       Hand crossbow     |       |       |       |       |       |   153 |   147 |   208 |  1806 ||  2314
       Arbalest          |       |       |       |       |       |       |       |       |     5 ||     5
Throw: Throwing net      |       |       |       |       |       |     1 |     2 |     1 |     1 ||     5
 Cast: Animate Skeleton  |       |       |       |     3 |   136 |   139 |   124 |    81 |   684 ||  1167
       Pain              |       |       |       |     2 |     2 |     1 |     2 |       |       ||     7
       Apportation       |       |       |       |       |       |    18 |     6 |     6 |   221 ||   251
       Animate Dead      |       |       |       |       |       |    45 |    42 |    32 |   147 ||   266
       Vampiric Draining |       |       |       |       |       |    12 |    13 |    10 |    28 ||    63
       Blink             |       |       |       |       |       |     1 |       |     2 |    21 ||    24
       Dispel Undead     |       |       |       |       |       |       |       |    28 |    20 ||    48
       Summon Butterflie |       |       |       |       |       |       |       |     4 |    13 ||    17
       Corpse Rot        |       |       |       |       |       |       |       |     2 |       ||     2
       Portal Projectile |       |       |       |       |       |       |       |       |    45 ||    45
       Aura of Abjuratio |       |       |       |       |       |       |       |       |    37 ||    37
       Simulacrum        |       |       |       |       |       |       |       |       |    13 ||    13
       Haunt             |       |       |       |       |       |       |       |       |     7 ||     7
       Silence           |       |       |       |       |       |       |       |       |     5 ||     5
       Swiftness         |       |       |       |       |       |       |       |       |     1 ||     1
       Death Channel     |       |       |       |       |       |       |       |       |     1 ||     1
       Cigotuvi's Embrac |       |       |       |       |       |       |       |       |     1 ||     1
Invok: Receive Corpses   |       |       |       |       |     4 |    40 |    29 |    23 |   214 ||   310
       Torment           |       |       |       |       |       |       |     1 |       |       ||     1
       Brand Weapon With |       |       |       |       |       |       |       |       |     1 ||     1
 Abil: Evoke Flight      |       |       |       |       |     2 |       |       |       |     1 ||     3
       Stop Flying       |       |       |       |       |       |       |     1 |       |       ||     1
       Evoke Invisibilit |       |       |       |       |       |       |       |     4 |     3 ||     7
Evoke: Wand              |       |       |       |     4 |     1 |       |       |       |    17 ||    22
       Sack of spiders   |       |       |       |       |       |       |     2 |       |     1 ||     3
       Lightning rod     |       |       |       |       |       |       |     1 |     2 |     4 ||     7
       Phial of floods   |       |       |       |       |       |       |     1 |     2 |     1 ||     4
       Horn of Geryon    |       |       |       |       |       |       |       |       |     4 ||     4
       Lamp of fire      |       |       |       |       |       |       |       |       |     3 ||     3
       Fan of gales      |       |       |       |       |       |       |       |       |     1 ||     1
       Phantom mirror    |       |       |       |       |       |       |       |       |     1 ||     1
  Use: Scroll            |       |     6 |     8 |    14 |    21 |    37 |    23 |    15 |    94 ||   218
       Potion            |       |       |     1 |     5 |     6 |     7 |     8 |       |    36 ||    63
 Stab: Distracted        |     1 |       |     1 |     1 |     7 |    23 |    21 |    12 |   202 ||   268
       Sleeping          |     8 |     1 |     3 |     7 |       |       |       |       |     6 ||    25
       Held in net/web   |       |       |       |       |       |       |     2 |       |       ||     2
       Invisible         |       |       |       |       |       |       |       |       |     4 ||     4
       Petrified         |       |       |       |       |       |       |       |       |     2 ||     2
  Eat: Chunk             |    22 |    18 |    26 |   108 |   179 |   286 |   245 |   149 |  1452 ||  2485
       Meat ration       |       |       |       |     2 |       |     1 |       |       |     3 ||     6
       Royal jelly       |       |       |       |       |       |       |       |       |     2 ||     2
Armor: Robe              |    32 |    31 |       |       |       |       |       |       |       ||    63
       Ring mail         |       |    20 |    47 |       |       |       |       |       |       ||    67
       Leather armour    |       |       |    18 |    90 |       |       |       |       |       ||   108
       Scale mail        |       |       |       |   286 |   575 |   676 |   188 |       |       ||  1725
       Fire dragon scale |       |       |       |       |       |     8 |   446 |   695 |  3962 ||  5111
Dodge: Dodged            |   112 |   105 |    93 |   728 |   860 |   983 |   888 |   895 |  7105 || 11769
Block: Buckler           |       |       |       |   262 |   445 |   583 |   690 |   705 |   427 ||  3112
       Reflection        |       |       |       |       |       |    30 |    45 |    40 |   238 ||   353
       Shield            |       |       |       |       |       |       |       |       | 11390 || 11390
       Other             |       |       |       |       |       |       |       |       |     2 ||     2
